 Dungeon Crawl Stone Soup version 0.30-a0-1160-g6e42c06551 (webtiles) character file.

Game seed: 1275404836901361524

19568395 bakla the Golden Sash (level 27, 225/236 (242) HPs)
             Began as a Demonspawn Brigand on Apr 25, 2023.
             Was a High Priest of Wu Jian.
             Escaped with the Orb
             ... and 15 runes on Apr 26, 2023!
             The game lasted 05:25:44 (78281 turns).

bakla the Golden Sash (Demonspawn Brigand)         Turns: 78281, Time: 05:25:45

HP:   225/236 (242) AC: 34    Str: 14    XL:     27
MP:   50/50         EV: 45    Int: 26    God:    Wu Jian [*****.]
Gold: 9454          SH: 12    Dex: 36    Spells: 20/50 levels left

rFire   . . .        d - +9 quick blade (freeze)
rCold   + + .        (no shield)
rNeg    + . .        D - +4 troll leather armour
rPois   +            R - +3 hat of Pondering {ponderous, Will+ MP+10 Int+5}
rElec   .            c - +4 dragonskin cloak
rCorr   +            (gloves unavailable)
SInv    .            W - +3 pair of mountain boots {steadfast, rC+}
Will    +++..        K - amulet "Buro" {Faith Regen+ Dex+3}
Stlth   +++          q - ring of Sloth {rPois rN+ rCorr Int+5 Slay+5}
HPRegen 2.19/turn    J - ring of Zylufa {Drain Fly rC+ Dex+8}
MPRegen 0.32/turn

%: faith
@: magic-sapped, flying, studying Shields, lightly drained, slow
A: large bone plates 3, foul stench 3, icemail 2, augmentation 3, condensation
shield, demonic touch 3, clever 1, wild magic 1, MP-powered wands
0: Orb of Zot
}: 15/15 runes: decaying, slimy, silver, golden, iron, obsidian, icy, bone,
abyssal, demonic, glowing, magical, fiery, dark, gossamer
a: Renounce Religion, Wall Jump, Serpent's Lash, Heavenly Storm


You escaped.
You worshipped Wu Jian.
Wu Jian was extremely pleased with you.
You visited 18 branches of the dungeon, and saw 88 of its levels.
You visited Pandemonium 1 time, and saw 23 of its levels.
You visited the Abyss 2 times.
You visited 1 bazaar.
You also visited: Trove, Ice Cave and Wizlab.

You collected 16176 gold pieces.
You spent 6722 gold pieces at shops.

Inventory:

Hand Weapons
 d - a +9 quick blade of freezing (weapon)
 j - the +10 rapier "Huluin" {spect, *Noise Drain Fly rF+ Dex+8}
   (You found it on level 3 of the Tomb of the Ancients)

   Dex:       It affects your dexterity (+8).
   rF:        It protects you from fire.
   Fly:       It grants you flight.
   *Noise:    It may make noises in combat.
   Drain:     It drains your maximum health when unequipped.
 t - the +11 short sword of the Histrionic God {flame, *Corrode rF++ Dex+3 SInv}
   (You found it on level 5 of the Dungeon)

   Dex:       It affects your dexterity (+3).
   rF:        It greatly protects you from fire.
   SInv:      It lets you see invisible.
   *Corrode:  It may corrode you when you take damage.
Missiles
 e - 20 curare-tipped darts
Armour
 c - the +4 dragonskin cloak (worn)
   (You took it off Tiamat on level 2 of the Realm of Zot)

   Avatar's Aegis: It grants the wearer a chance to resist fire, cold, poison,
   electricity, acid, and negative energy.
 v - the +0 hat "Cumyikhle" {Regen+ rCorr}
   (You found it on level 4 of the Spider Nest)

   Regen:     It increases your rate of health regeneration.
   rCorr:     It protects you from acid and corrosion.
 x - a scarf of repulsion
 D - a +4 troll leather armour (worn)
 F - the +2 cloak "Aclia" {Will++ Str+3 Dex+6}
   (You found it on level 5 of the Realm of Zot)

   Str:       It affects your strength (+3).
   Dex:       It affects your dexterity (+6).
   Will:      It greatly increases your willpower.
 O - a scarf of resistance
 R - the +3 hat of Pondering (worn) {ponderous, Will+ MP+10 Int+5}
   (You found it in a treasure trove)

   Int:       It affects your intelligence (+5).
   MP:        It affects your magic capacity (+10).
   Will:      It increases your willpower.
 S - the +1 pair of boots of Darkness {Harm rC+ Regen+}
   (You bought it in a shop on level 3 of the Elven Halls)

   rC:        It protects you from cold.
   Regen:     It increases your rate of health regeneration.
   Harm:      It increases damage dealt and taken.
 U - the orb of Dispater {+Damnation *Corrode AC+5}
   (You took it off Dispater on level 7 of the Iron City of Dis)

   +Damnation: It grants the ability to hurl damnation at the cost of health and
   magic, with strength depending on Evocations skill.
   AC:        It affects your AC (+5).
   *Corrode:  It may corrode you when you take damage.
 W - the +3 pair of mountain boots (worn) {steadfast, rC+}
   (You bought it in a shop on level 2 of the Orcish Mines)

   Steadfast: It prevents involuntary movement, except for blinking,
   teleportation, or banishment.
   rC:        It protects you from cold.
Jewellery
 b - a ring of flight
 i - a ring of see invisible
 q - the ring of Sloth (left hand) {rPois rN+ rCorr Int+5 Slay+5}
   (You bought it in a shop on level 15 of the Dungeon)

   [ring of positive energy]

   Int:       It affects your intelligence (+5).
   Slay:      It affects your accuracy & damage with ranged weapons and melee
   (+5).
   rPois:     It protects you from poison.
   rN:        It protects you from negative energy.
   rCorr:     It protects you from acid and corrosion.
 G - the amulet of Xom's Sleight of Hands {RegenMP rPois Str-3 Dex+2}
   (You found it on level 4 of the Realm of Zot)

   [amulet of magic regeneration]

   It increases your rate of magic regeneration.
   Str:       It affects your strength (-3).
   Dex:       It affects your dexterity (+2).
   rPois:     It protects you from poison.
 J - the ring of Zylufa (right hand) {Drain Fly rC+ Dex+8}
   (You acquired it on level 5 of the Pits of Slime)

   [ring of flight]

   Dex:       It affects your dexterity (+8).
   rC:        It protects you from cold.
   Fly:       It grants you flight.
   Drain:     It drains your maximum health when unequipped.
 K - the amulet "Buro" (around neck) {Faith Regen+ Dex+3}
   (You found it in Pandemonium)

   [amulet of faith]

   It allows you to gain divine favour quickly.
   Dex:       It affects your dexterity (+3).
   Regen:     It increases your rate of health regeneration.
 T - a ring of protection from fire
Wands
 N - a wand of quicksilver (40)
 X - a wand of digging (67)
 Y - a wand of roots (81)
Scrolls
 h - 8 scrolls of blinking
 k - 5 scrolls of poison
 y - 33 scrolls of teleportation
 A - 11 scrolls of fear
 B - 8 scrolls of silence
 E - 8 scrolls of enchant armour
 H - 5 scrolls of butterflies
 L - 20 scrolls of vulnerability
 M - 4 scrolls of enchant weapon
 Q - a scroll of brand weapon
 V - 9 scrolls of fog
 Z - 5 scrolls of immolation
Potions
 a - 14 potions of mutation
 f - 4 potions of resistance
 g - 34 potions of curing
 l - 11 potions of cancellation
 m - 9 potions of flight
 n - 7 potions of ambrosia
 o - 13 potions of attraction
 p - 17 potions of brilliance
 r - 4 potions of berserk rage
 s - 11 potions of heal wounds
 u - 8 potions of might
 w - 5 potions of invisibility
 z - 3 potions of haste
 P - 4 potions of magic
Miscellaneous
 C - a figurine of a ziggurat
 I - a phantom mirror


   Skills:
 - Level 25.0 Fighting
 - Level 14.0 Short Blades
 - Level 1.7 Throwing
 - Level 25.0 Armour
 - Level 25.0 Dodging
 + Level 22.5 Stealth
 - Level 12.2 Spellcasting
 - Level 21.0 Hexes
 - Level 20.0 Necromancy
 - Level 23.0 Transmutations
 O Level 27 Invocations
 - Level 4.4 Evocations


You had 20 spell levels left.
You knew the following spells:

 Your Spells              Type           Power      Damage    Failure   Level
a - Enfeeble              Hex            75%        N/A       1%          7
b - Wereblood             Tmut           100%       N/A       1%          2
c - Necromutation         Tmut/Necr      76%        N/A       7%          8
d - Blade Hands           Tmut           78%        N/A       1%          5
e - Discord               Hex            75%        N/A       8%          8

Your spell library contained the following spells:

 Spells                   Type           Power      Damage    Failure   Level
 Beastly Appendage        Tmut           100%       N/A       1%          1
 Kiss of Death            Conj/Necr      100%       2d13      1%          1
 Necrotise                Necr           100%       1d9       1%          1
 Slow                     Hex            100%       N/A       1%          1
 Cigotuvi's Dreadful Rot  Necr/Pois/Air  100%       N/A       1%          2
 Ensorcelled Hibernation  Hex/Ice        100%       N/A       1%          2
 Passwall                 Tmut/Erth      100%       N/A       1%          2
 Sublimation of Blood     Necr           100%       N/A       1%          2
 Confusing Touch          Hex            100%       N/A       1%          3
 Dazzling Flash           Conj/Hex       100%       N/A       1%          3
 Inner Flame              Hex/Fire       100%       N/A       1%          3
 Portal Projectile        Hex/Tloc       100%       N/A       1%          3
 Spider Form              Tmut/Pois      100%       N/A       1%          3
 Summon Guardian Golem    Hex/Summ       100%       N/A       1%          3
 Tukima's Dance           Hex            100%       N/A       1%          3
 Vampiric Draining        Necr           100%       2d13      1%          3
 Anguish                  Hex/Necr       75%        N/A       1%          4
 Animate Dead             Necr           100%       N/A       1%          4
 Cause Fear               Hex            75%        N/A       1%          4
 Dispel Undead            Necr           100%       3d31      1%          4
 Fulminant Prism          Conj/Hex       58%        3d24      1%          4
 Ice Form                 Ice/Tmut       100%       N/A       1%          4
 Leda's Liquefaction      Hex/Erth       58%        N/A       1%          4
 Petrify                  Tmut/Erth      100%       N/A       1%          4
 Agony                    Necr           100%       N/A       1%          5
 Yara's Violent Unravell  Hex/Tmut       76%        3d28      1%          5
 Dragon Form              Tmut           78%        N/A       1%          7
 Alistair's Intoxication  Tmut/Pois      80%        N/A       2%          5
 Irradiate                Conj/Tmut      60%        3d31      2%          5
 Borgnjor's Vile Clutch   Necr/Erth      57%        N/A       3%          5
 Metabolic Englaciation   Hex/Ice        58%        N/A       3%          5
 Silence                  Hex/Air        58%        N/A       3%          5
 Summon Mana Viper        Hex/Summ       100%       N/A       3%          5
 Foxfire                  Conj/Fire      100%       2x1d9     7%          1
 Freeze                   Ice            100%       1d10      7%          1
 Magic Dart               Conj           100%       1d8       7%          1
 Sandblast                Erth           90%        2d19      7%          1
 Shock                    Conj/Air       100%       1d9       7%          1
 Eringya's Noxious Bog    Tmut/Pois      60%        N/A       9%          6
 Statue Form              Tmut/Erth      80%        N/A       9%          6
 Blink                    Tloc           90%        N/A       10%         2
 Call Imp                 Summ           90%        N/A       10%         2
 Lesser Beckoning         Tloc           90%        N/A       10%         2
 Momentum Strike          Conj/Tloc      90%        3d10      10%         2
 Poisonous Vapours        Pois/Air       90%        N/A       10%         2
 Scorch                   Fire           90%        2d8       10%         2
 Searing Ray              Conj           90%        2d7       10%         2
 Static Discharge         Conj/Air       90%        2-6/arc   10%         2
 Borgnjor's Revivificati  Necr           74%        N/A       12%         8
 Simulacrum               Ice/Necr       57%        N/A       16%         6
 Call Canine Familiar     Summ           45%        N/A       17%         3
 Frozen Ramparts          Ice            90%        1d14      17%         3
 Gell's Gravitas          Tloc           45%        N/A       17%         3
 Hailstorm                Conj/Ice       45%        3d10      17%         3
 Mephitic Cloud           Conj/Pois/Air  45%        N/A       17%         3
 Ozocubu's Armour         Ice            45%        N/A       17%         3
 Stone Arrow              Conj/Erth      90%        3d12      17%         3
 Swiftness                Air            45%        N/A       17%         3
 Teleport Other           Tloc           45%        N/A       17%         3
 Vhi's Electric Charge    Tloc/Air       90%        N/A       17%         3
 Volatile Blastmotes      Fire/Tloc      90%        2d17      17%         3
 Storm Form               Tmut/Air       60%        N/A       38%         7
 Airstrike                Air            22%        2d(4-20)  47%         4
 Animate Armour           Summ/Erth      90%        N/A       47%         4
 Flame Wave               Conj/Fire      45%        2d12      47%         4
 Iskenderun's Mystic Bla  Conj/Tloc      45%        2d10      47%         4
 Manifold Assault         Tloc           45%        N/A       47%         4
 Olgreb's Toxic Radiance  Pois           45%        N/A       47%         4
 Passage of Golubria      Tloc           45%        N/A       47%         4
 Sticky Flame             Conj/Fire      45%        2d6       47%         4
 Summon Ice Beast         Ice/Summ       45%        N/A       47%         4
 Summon Lightning Spire   Summ/Air       45%        N/A       47%         4
 Haunt                    Necr/Summ      57%        N/A       58%         7
 Arcjolt                  Conj/Air       22%        1d32      82%         5
 Fireball                 Conj/Fire      22%        3d10      82%         5
 Freezing Cloud           Conj/Ice/Air   22%        6-21      82%         5
 Iskenderun's Battlesphe  Conj           45%        2d10      82%         5
 Lee's Rapid Deconstruct  Erth           22%        3d13*     82%         5
 Summon Forest            Summ/Tloc      22%        N/A       82%         5
 Death's Door             Necr           74%        N/A       82%         9
 Conjure Ball Lightning   Conj/Air       22%        3x3d6     100%        6
 Dispersal                Tloc           22%        N/A       100%        6
 Iron Shot                Conj/Erth      22%        9d5       100%        6
 Plasma Beam              Fire/Air       22%        2x1d38    100%        6
 Starburst                Conj/Fire      22%        6d8       100%        6
 Summon Cactus Giant      Summ           22%        N/A       100%        6
 Malign Gateway           Summ/Tloc      22%        N/A       100%        7
 Monstrous Menagerie      Summ           22%        N/A       100%        7
 Orb of Destruction       Conj           22%        9d8       100%        7
 Ozocubu's Refrigeration  Ice            22%        4d12      100%        7
 Spellforged Servitor     Conj/Summ      22%        N/A       100%        7
 Summon Hydra             Summ           22%        N/A       100%        7
 Disjunction              Tloc           22%        N/A       100%        8
 Ignition                 Fire           22%        3d8       100%        8
 Lehudib's Crystal Spear  Conj/Erth      22%        10d6      100%        8
 Summon Horrible Things   Summ           22%        N/A       100%        8
 Chain Lightning          Conj/Air       22%        3d30      100%        9
 Dragon's Call            Summ           22%        N/A       100%        9
 Fire Storm               Conj/Fire      22%        8d6       100%        9
 Shatter                  Erth           22%        3d20*     100%        9


Dungeon Overview and Level Annotations

Branches:
Dungeon (15/15)            Temple (1/1) D:5            Lair (5/5) D:9
  Swamp (4/4) Lair:3       Spider (4/4) Lair:3        Slime (5/5) Lair:5
    Orc (2/2) D:12            Elf (3/3) Orc:2        Vaults (5/5) D:14
  Crypt (3/3) Vaults:3       Tomb (3/3) Crypt:3      Depths (4/4) D:15
   Hell (visited)             Dis (7/7) Hell            Geh (7/7) Hell
    Coc (7/7) Hell            Tar (7/7) Hell            Zot (5/5) Depths:4
  IceCv (visited)          WizLab (visited)

Altars:
Ashenzari
Cheibriados
Dithmenos
Fedhas
Hepliaklqana
Kikubaaqudgha
Makhleb
Nemelex Xobeh
Okawaru
Qazlal
Ru
Sif Muna
Trog
Uskayaw
Vehumet
Wu Jian
Xom
Yredelemnul
Jiyva

Shops:
D:11 :   D:15 =   Orc:2 [([*   Elf:2 [(?*   Elf:3 [   Vaults:2 *   Vaults:5 !?

Portals:
Hell: Depths:1 Depths:2 Depths:3 Depths:4
Abyss: Depths:2 Depths:3
Pandemonium: Depths:2
Ziggurat: Depths:4

Annotations:
D:9 4 transporters
D:12 1 runed translucent door
Lair:4 2 transporters, avangion's ghost, journeyman GnCj
Swamp:1 Roxanne
Elf:1 6 runed translucent doors
Elf:2 5 runed translucent doors
Elf:3 3 runed translucent doors, Twinkles's ghost, adept AtMo
Depths:3 3 runed translucent doors
Geh:4 9 runed translucent doors


Innate Abilities, Weirdness & Mutations

You are completely covered in large bone plates. (SH +8)
You frequently emit foul miasma when damaged in melee.
A meltable icy envelope protects you from harm. (AC +8)
Your magical and physical power is greatly enhanced at high health.
A meltable shield of frost defends you. (SH +4)
Your touch may irresistibly damage your foes and sap their willpower.
Your mind is acute. (Int +4, Str/Dex -1)
Your spells are a little harder to cast, but a little more powerful.
You expend magic power (3 MP) to strengthen your wands.


Message History

Your magic feels tainted.
A reaper comes into view. It is wielding a +0 vampiric scythe.
You lunge at the demonspawn warmonger, in a flurry of attacks.
You hit the demonspawn warmonger but do no damage.
You puncture the demonspawn warmonger! You freeze the demonspawn warmonger.
The demonspawn warmonger is lightly wounded.
You puncture the demonspawn warmonger! You freeze the demonspawn warmonger.
The demonspawn warmonger is moderately wounded.
You hit the demonspawn warmonger but do no damage.
The demonspawn warmonger is moderately wounded.
The demonspawn warmonger misses you.
You block the demonspawn warmonger's attack. x2
The reaper hits you from afar with a +0 vampiric scythe!!
You hit the demonspawn warmonger. You freeze the demonspawn warmonger.
Your touch misses the demonspawn warmonger.
The demonspawn warmonger is moderately wounded.
Unknown command.
The demonspawn warmonger misses you.
The demonspawn warmonger completely misses you. x2
The reaper hits you from afar with a +0 vampiric scythe!
The demonspawn warmonger attacks as you move away!
The demonspawn warmonger completely misses you.
The demonspawn warmonger claws you but does no damage.
The demonspawn warmonger closely misses you.
A green death comes into view.
The green death roars!
The demonspawn warmonger attacks as you move away!
You block the demonspawn warmonger's attack.
The demonspawn warmonger completely misses you. x2
The demonspawn warmonger attacks as you move away!
You block the demonspawn warmonger's attack. x2
The demonspawn warmonger completely misses you.
Your icy envelope is restored.
There is a staircase leading out of the dungeon here.
The demonspawn warmonger hits you with a +0 dire flail of draining!
You partially resist.
You feel drained.
The demonspawn warmonger completely misses you.
You block the demonspawn warmonger's attack.
You block the reaper's attack.
You have escaped!

##.#.#.............##
##.###...###...###...#
#.##.....#>......#...####
##.#.#...#.......#......#
##...#.............#...#
##...#.[....#......#...#
#....#..........2..##.####
#.......#......6#........#
#.......#......@#2.......#
##......###...###..2.....#
##.##.............#.....#
###.##.............#.....#
##.#.####...###...####..###
#....###..........###...##
.......+.................###
#....###.........####......##
##.........(....## ##..###.##


You could see a demonspawn warmonger and a reaper.

Vanquished Creatures
  Cerebov (Pan)
  Antaeus (Coc:7)
  Asmodeus (Geh:7)
  the Royal Jelly (Slime:5)
  Ereshkigal (Tar:7)
  the Serpent of Hell (Coc:7)
  Gloorx Vloq (Pan)
  Lom Lobon (Pan)
  Mnoleg (Pan)
  5 pandemonium lords (Pan)
  Tiamat (Zot:2)
  6 ancient liches
  Dispater (Dis:7)
  2 dread liches
  Khufu (Tomb:3)
  5 orbs of fire
  Mara (Swamp:3)
  4 juggernauts
  37 royal mummies
  Vv (Zot:2)
  Sojobo (Depths:1)
  10 Killer Klowns
  Geryon (Hell)
  6 shard shrikes (Coc:7)
  6 curse toes
  15 caustic shrikes
  The ghost of Qaniympis the Stormcaller, a veteran DgEE (Zot:5)
  11 golden dragons
  The ghost of Hyrrirob the Devastator, a veteran GrEE of Lugonu (Crypt:1)
  27 bone dragons
  8 profane servitors
  A pearl dragon (Pan)
  11 Tzitzimimeh
  17 doom hounds
  14 Brimstone Fiends
  7 hellephants
  7 iron giants
  24 tentacled monstrosities
  6 electric golems
  17 Ice Fiends
  14 tainted leviathans
  A walking crystal tome (Depths:3)
  26 Orb Guardians
  15 Hell Sentinels
  Mlioglotl (Lair:3)
  6 liches
  A deep elf master archer (Elf:3)
  22 titans
  A walking earthen tome (Depths:2)
  12 searing wretches
  11 quicksilver dragons
  A deep elf blademaster (Elf:3)
  6 death cobs
  An eldritch tentacle (Zot:5)
  4 tentacled starspawn
  26 acid blobs
  21 ancient champions
  A sphinx (shapeshifter) (Zot:3)
  15 Executioners (Pan)
  13 sphinxes
  Kirke (D:15)
  A thorn hunter (Swamp:4)
  9 tengu reavers
  12 shadow dragons
  14 draconian monks
  18 storm dragons
  A storm dragon (shapeshifter) (Vaults:5)
  The ghost of Bialiabluu the Warrior, an adept GrEE of Gozag (D:15)
  10 daevas
  5 demonspawn warmongers (Pan)
  11 revenants
  17 azure jellies
  22 fire giants
  11 narguns
  11 ghost moths
  15 draconian knights
  The ghost of Rudyous the Devastator, a journeyman DsFE of Vehumet (Spider:2)
  Louise (Depths:3)
  12 draconian scorchers
  14 rockslimes
  7 angels
  7 quicksilver elementals
  3 deep elf sorcerers (Elf:3)
  14 vault wardens
  A caustic shrike zombie (Depths:2)
  9 iron dragons
  9 frost giants
  2 emperor scorpions
  An orc warlord (Orc:2)
  11 shard shrike simulacra
  A juggernaut zombie (Crypt:2)
  7 draconian stormcallers
  9 demonspawn corrupters (Pan)
  9 draconian shifters
  5 broodmothers
  4 curse skulls
  4 deep elf elementalists (Elf:3)
  34 balrugs
  10 ghouls
  A spriggan defender (Depths:2)
  17 draconian annihilators
  A demonspawn blood saint (Pan)
  21 stone giants
  37 war gargoyles
  A juggernaut skeleton (Crypt:3)
  14 ironbound thunderhulks
  A caustic shrike skeleton (Crypt:2)
  13 quicksilver oozes
  14 reapers
  15 cacodemons
  21 ironbound preservers
  28 very ugly things
  19 green draconians
  3 ophanim (Pan)
  3 eleionomae
  12 vampire knights
  8 demonspawn black suns (Pan)
  18 elemental wellsprings
  9 apis (Pan)
  19 wendigos
  7 putrid mouths
  Azrael (Elf:1)
  A yellow draconian (shapeshifter) (Zot:3)
  10 black draconians
  10 bennus
  2 bunyips (Swamp:3)
  7 deep elf demonologists
  14 red draconians
  16 deep elf annihilators
  13 purple draconians
  6 spark wasps
  7 lorocyprocas
  A black draconian (shapeshifter) (Zot:3)
  22 yellow draconians
  7 dire elephants
  A spectral titan (Tar:5)
  A white draconian (shapeshifter) (Zot:3)
  4 orange crystal statues
  16 white draconians
  26 eidola
  7 crystal guardians
  11 green deaths
  10 ettins
  5 fire dragons
  24 mummy priests
  A spectral quicksilver dragon (Tar:2)
  An ettin (shapeshifter) (Zot:3)
  7 deep elf death magi
  A merfolk impaler (Depths:3)
  17 blizzard demons
  A spectral golden dragon (D:15)
  20 yaktaur captains
  20 jiangshi
  A merfolk javelineer (Depths:3)
  A spectral fenstrider witch (Tar:1)
  A shambling mangrove (Swamp:4)
  5 entropy weavers
  4 deep elf high priests
  5 spectral spriggans
  15 ice dragons
  19 iron golems
  37 vault guards
  A spectral shadow dragon (D:15)
  An elf skeleton (Pan)
  5 rakshasas
  17 great orbs of eyes
  2 hell beasts (Pan)
  26 hydras
  10 salamander tyrants
  9 juggernaut simulacra
  4 peacekeepers
  2 spriggan air magi (Depths:4)
  3 ghost crabs
  A two-headed ogre (shapeshifter) (Depths:4)
  8 caustic shrike simulacra
  9 ironbound frosthearts
  A catoblepas (Lair:2)
  22 centaur warriors
  A spriggan skeleton (Hell)
  8 alligators
  2 ogre magi
  3 radroaches
  5 death knights
  5 deep troll shamans
  10 death yaks
  19 dancing weapons
  3 tengu warriors
  A spectral dire elephant (Tar:1)
  A bennu skeleton (Crypt:1)
  9 boulder beetles
  104 death scarabs
  6 deep troll earth magi
  3 two-headed ogres
  4 stokers
  9 vampire magi
  37 hell hogs
  An orc high priest (Orc:2)
  A thrashing horror (Abyss:5)
  3 shock serpents (Pan)
  2 titan zombies (Depths:2)
  A spectral naga (Tar:5)
  6 spriggan berserkers (Depths:1)
  9 crystal echidnas
  5 spectral storm dragons (Crypt:2)
  21 deep elf knights
  24 soul eaters
  2 wretched stars (Abyss:5)
  60 sun demons
  A spark wasp zombie (Depths:2)
  An iron troll (shapeshifter) (Zot:3)
  3 skysharks
  33 skeletal warriors
  6 hell knights
  16 sixfirhies
  2 pharaoh ants
  A storm dragon skeleton (Depths:2)
  6 iron trolls
  28 shadow wraiths
  6 goliath frogs
  A fire crab (shapeshifter) (Vaults:5)
  8 glowing orange brains
  A golden dragon zombie (Depths:2)
  10 swamp dragons
  9 quicksilver dragon simulacra
  A spectral anaconda (Tar:2)
  An orb spider (shapeshifter) (Depths:4)
  9 spriggan simulacra
  2 spriggan druids
  9 flayed ghosts
  4 bog bodies
  11 shadow demons
  A tengu zombie (Depths:2)
  14 deep elf archers
  A glowing orange brain (shapeshifter) (Vaults:5)
  13 orb spiders
  A shadow dragon zombie (D:15)
  3 lindwurms
  14 wizards
  28 phantasmal warriors
  54 deep trolls
  6 steelbarb worms
  18 ironbound convokers
  3 harpies (Vaults:2)
  18 deep elf zephyrmancers
  3 anaconda skeletons
  11 necromancers
  A sphinx zombie (Crypt:1)
  A fire giant zombie (Depths:2)
  A manticore (shapeshifter) (D:14)
  2 orc knights
  A spectral ettin (Tar:2)
  55 ugly things
  17 deep elf pyromancers
  5 cyclopes
  3 orc sorcerers
  3 manticores
  32 moths of wrath
  16 wolf spiders
  2 stone giant zombies
  2 frost giant zombies (Depths:2)
  A spectral fire dragon (Crypt:2)
  A sphinx skeleton (Crypt:3)
  5 will-o-the-wisps
  A frost giant skeleton (Depths:2)
  4 elephants (Lair:5)
  16 shining eyes
  2 centaur zombies
  A stone giant skeleton (Pan)
  3 spectral ice dragons (Crypt:2)
  A naga mage (D:15)
  A spectral alligator snapping turtle (Tar:2)
  3 rust devils
  8 black mambas
  An eleionoma skeleton (Crypt:1)
  7 molten gargoyles
  2 guardian serpents (Zot:3)
  31 smoke demons
  Joseph (D:7)
  13 ice statues
  An eye of devastation (Slime:5)
  2 gargoyles
  5 titan simulacra
  24 vault sentinels
  2 human skeletons
  2 centaur skeletons
  6 torpor snails
  15 hellions
  An unseen horror (D:11)
  19 cane toads
  2 dire elephant skeletons
  A komodo dragon (shapeshifter) (Elf:3)
  15 orange demons
  Maggie (D:8)
  19 demonic crawlers
  An unseen horror (shapeshifter) (D:14)
  A mana viper zombie (Crypt:2)
  10 komodo dragons
  10 freezing wraiths
  12 tormentors
  5 efreet
  45 guardian mummies
  A sea snake zombie (Hell)
  5 anaconda simulacra
  5 ice devils (Pan)
  4 golden dragon simulacra
  4 tengu conjurers
  2 hydra zombies (Hell)
  3 ancient zymes
  2 catoblepas skeletons
  2 spectral harpies
  24 yaktaurs
  3 red devils
  13 meliai
  An iron giant simulacrum (Coc:7)
  A merfolk (shapeshifter) (Depths:4)
  2 silent spectres
  2 sea snake skeletons (Hell)
  18 hellwings
  11 hornets
  12 tyrant leeches
  A polar bear (Lair:5)
  5 trolls
  Prince Ribbit (D:7)
  13 tarantellas
  3 hydra skeletons
  4 harpy zombies (Zot:3)
  5 raiju
  12 dream sheep
  15 blink frogs
  5 iron dragon simulacra
  A great orb of eyes zombie (Crypt:3)
  3 spriggan zombies
  Grinder (D:6)
  116 slime creatures
  38 jumping spiders
  An ettin zombie (Depths:2)
  2 small abominations
  6 centaur simulacra
  12 water elementals
  10 shadows
  3 stone giant simulacra
  37 flying skulls
  21 ynoxinuls
  2 air elementals
  4 dire elephant simulacra
  8 spriggans
  19 culicivoras
  A spriggan (shapeshifter) (Elf:1)
  4 wyverns
  14 wraiths
  3 ushabtiu
  27 large abominations
  2 alligator snapping turtle simulacra
  A human (D:15)
  A black mamba skeleton (Tomb:2)
  A hog (D:15)
  4 fire bats (D:14)
  9 starcursed masses (Abyss:5)
  4 fire elementals
  33 golden eyes
  A basilisk (Lair:1)
  21 neqoxecs
  40 yaks
  Grum (D:8)
  8 naga simulacra
  11 chaos spawn
  3 steam dragons
  14 vampire mosquitoes
  53 redbacks
  12 harpy simulacra
  A fire bat zombie (Crypt:2)
  4 wargs
  11 swamp worms
  A glowing shapeshifter zombie (Depths:2)
  A faun zombie (Crypt:3)
  4 hydra simulacra
  A deep troll skeleton (Pan)
  2 glowing shapeshifter skeletons (Depths:2)
  5 hell hounds
  3 floating eyes
  A naga skeleton (Pan)
  12 water moccasins
  27 orc warriors
  10 swamp drakes
  2 black bears
  Pargi (D:3)
  2 alligator simulacra
  11 ettin simulacra
  A faun skeleton (Crypt:3)
  An ice beast (D:6)
  A sky beast (D:8)
  6 boggarts
  10 wolves
  3 ogres (Orc:2)
  A blink frog skeleton (Crypt:1)
  18 centaurs
  A snapping turtle skeleton (Crypt:1)
  A hog zombie (Crypt:1)
  A phantom (D:4)
  A cyclops zombie (Crypt:1)
  4 kobold brigands
  25 bullfrogs
  2 earth elementals (Elf:1)
  2 scorpions
  A necrophage (Crypt:3)
  6 wights
  2 lindwurm simulacra (IceCv)
  14 killer bees
  A shapeshifter skeleton (Crypt:2)
  3 howler monkeys (D:13)
  2 electric eels (Elf:2)
  2 lava snakes (D:14)
  A quasit (Abyss:2)
  A basilisk zombie (Crypt:1)
  4 hounds
  A bullfrog skeleton (Crypt:3)
  3 gnoll boudas
  19 orc priests
  2 jellies (D:6)
  An iguana (D:6)
  A sleepcap (D:6)
  24 orc wizards
  8 hell rats
  57 mummies
  Robin (D:3)
  8 adders
  10 gnolls
  10 river rats (Lair:1)
  A swamp drake zombie (Crypt:2)
  A shadow imp (D:7)
  2 white imps
  An ufetubus (D:6)
  2 worms (D:2)
  An adder zombie (Crypt:2)
  A lava snake skeleton (Crypt:1)
  93 orcs
  7 ball pythons
  5 endoplasms
  5 giant cockroaches
  8 goblins
  15 hobgoblins
  6 jackals
  27 kobolds
  4 quokkas
  4 bats
  4 frilled lizards
  A frilled lizard skeleton (Crypt:2)
  A quokka skeleton (Crypt:3)
  8 rats
  A butterfly (Zot:3)
  4 creeping infernos
  16 fire vortices
  2 lurking horrors
  3 starspawn tentacles
4054 creatures vanquished.

Vanquished Creatures (others)
  A pandemonium lord (Pan)
  A golden dragon (Zot:5)
  A lich (Depths:2)
  An eldritch tentacle (Zot:5)
  A fire giant (Vaults:5)
  An iron dragon (Dis:7)
  A demonspawn blood saint (Pan)
  A wendigo (Coc:2)
  A green death (Pan)
  An ettin (Vaults:5)
  A blizzard demon (Pan)
  A caustic shrike simulacrum (Coc:7)
  2 alligators (Swamp:3)
  A radroach (Spider:3)
  A soul eater (Pan)
  A goliath frog (Swamp:2)
  2 spriggan simulacra
  A fenstrider witch simulacrum (Coc:2)
  A deep elf zephyrmancer (Elf:1)
  An ugly thing (Zot:3)
  2 moths of wrath (Zot:5)
  A molten gargoyle (Geh:7)
  An orange demon (Pan)
  2 guardian mummies (Tomb:3)
  An anaconda simulacrum (Coc:7)
  A bloated husk (Swamp:2)
  An iron dragon simulacrum (Coc:7)
  A naga simulacrum (Coc:3)
  A water elemental (Elf:2)
  A human (D:15)
  A dire elephant simulacrum (Coc:1)
  A harpy simulacrum (Coc:4)
  A demonspawn zombie (Crypt:1)
  2 ettin simulacra
  A boggart (Zot:3)
  An electric eel (Elf:2)
  An orc wizard (Elf:1)
  A ball lightning (Zot:5)
  6 creeping infernos
  3 demonic plants (Abyss:5)
  A fire vortex (D:14)
  20 foxfires
  17 fungi
  70 plants
  41 spectral weapons
  3 starspawn tentacles
204 creatures vanquished.

Grand Total: 4258 creatures vanquished

Notes
Turn   | Place    | Note
-------+----------+-------------------------------------------
     0 | D:1      | bakla the Demonspawn Brigand began the quest for the Orb.
     0 | D:1      | Reached XP level 1. HP: 16/16 MP: 1/1
   137 | D:1      | Reached skill level 1 in Dodging
   268 | D:1      | Gained mutation: You may rarely emit foul miasma when
                  | damaged in melee. [demonic ancestry]
   268 | D:1      | Reached XP level 2. HP: 22/22 MP: 2/2
   700 | D:1      | Gained mutation: Your touch may inflict minor irresistible
                  | damage on your foes. [demonic ancestry]
   700 | D:1      | Reached XP level 3. HP: 28/28 MP: 3/3
   995 | D:2      | Reached XP level 4. HP: 18/34 MP: 4/4
  1970 | D:3      | Found a blossoming altar of Fedhas.
  2342 | D:3      | Noticed Robin
  2347 | D:3      | Killed Robin
  2348 | D:3      | Gained mutation: A meltable shield of frost defends you.
                  | (SH +4) [demonic ancestry]
  2348 | D:3      | Reached XP level 5. HP: 40/41 MP: 5/5
  2448 | D:3      | Noticed Pargi
  2518 | D:3      | Killed Pargi
  2519 | D:3      | Reached XP level 6. HP: 29/47 MP: 6/6
  3321 | D:4      | Identified the +2 scale mail "Recaem" {Str+2 Int+3}
  3739 | D:5      | Entered Level 5 of the Dungeon
  3762 | D:5      | Reached skill level 5 in Stealth
  3811 | D:5      | Gained mutation: You are partially covered in large bone
                  | plates. (SH +4) [demonic ancestry]
  3811 | D:5      | Reached XP level 7. HP: 54/54 MP: 7/7
  3927 | D:5      | Found a shadowy altar of Dithmenos.
  3942 | D:5      | Found an iron altar of Okawaru.
  3989 | D:5      | Found a shimmering blue altar of Sif Muna.
  4495 | D:5      | Found a staircase to the Ecumenical Temple.
  4512 | D:5      | Reached skill level 5 in Short Blades
  4637 | Temple   | Entered the Ecumenical Temple
  4652 | Temple   | Became a worshipper of the Wu Jian Council
  4753 | D:5      | Identified the +11 short sword of the Histrionic God
                  | {flame, *Corrode rF++ Dex+3 SInv}
  5029 | D:6      | Noticed Grinder
  5035 | D:6      | Killed Grinder
  5086 | D:6      | Found an ancient bone altar of Kikubaaqudgha.
  5090 | D:6      | Found a sacrificial altar of Ru.
  5339 | D:6      | Reached skill level 5 in Fighting
  5339 | D:6      | Gained mutation: A meltable icy envelope protects you from
                  | harm. (AC +8) [demonic ancestry]
  5339 | D:6      | Reached XP level 8. HP: 62/62 MP: 8/8
  5765 | D:7      | Noticed Joseph
  5775 | D:7      | Killed Joseph
  5813 | D:7      | Gained mutation: You sometimes emit foul miasma when
                  | damaged in melee. [demonic ancestry]
  5813 | D:7      | Reached XP level 9. HP: 69/69 MP: 9/9
  6039 | D:7      | Noticed Prince Ribbit
  6051 | D:7      | Killed Prince Ribbit
  6079 | D:7      | Found a stormy altar of Qazlal.
  6079 | D:7      | Found a burning altar of Makhleb.
  6477 | D:8      | You fall into a shaft and drop 2 floors!
  6477 | D:10     | Entered Level 10 of the Dungeon
  6609 | D:10     | Reached * piety under Wu Jian
  6751 | D:10     | Found a broken altar of Ashenzari.
  6773 | D:10     | Noticed a troll
  6782 | D:10     | Killed a troll
  7096 | D:10     | Noticed a gargoyle
  7100 | D:10     | Killed a gargoyle
  7101 | D:10     | Gained mutation: Your touch may inflict irresistible damage
                  | on your foes. [demonic ancestry]
  7101 | D:10     | Reached XP level 10. HP: 79/79 MP: 10/10
  7467 | D:11     | Found View's Book Shoppe.
  7474 | D:11     | Reached skill level 10 in Short Blades
  7918 | D:11     | Noticed a two-headed ogre
  7923 | D:11     | Killed a two-headed ogre
  8238 | D:11     | Noticed a boulder beetle
  8247 | D:11     | Killed a boulder beetle
  8248 | D:11     | Reached skill level 10 in Stealth
  8450 | D:12     | Found a runed translucent door.
  8450 | D:12     | Noticed a cane toad
  8450 | D:12     | Found the +9 scales of the Dragon King {rPois rF+ rC+
                  | Will+}
  8451 | D:12     | Reached ** piety under Wu Jian
  8451 | D:12     | a cane toad changed into a jumping spider
  8452 | D:12     | Reached XP level 11. HP: 89/89 MP: 11/11
  8470 | D:12     | Noticed a centaur warrior
  8501 | D:12     | Noticed a deep troll earth mage
  8507 | D:12     | Noticed an ogre mage
  8521 | D:12     | Noticed a necromancer
  8760 | D:12     | Noticed a two-headed ogre
  8761 | D:12     | Found a staircase to the Orcish Mines.
  8768 | D:12     | Killed a two-headed ogre
  8769 | D:12     | Reached skill level 10 in Fighting
  8920 | D:12     | Noticed an orb spider
  9352 | D:13     | Noticed a boulder beetle
  9354 | D:13     | Killed a boulder beetle
  9452 | D:13     | Learned a level 5 spell: Blade Hands
  9468 | D:13     | Noticed a boulder beetle
  9472 | D:13     | Killed a boulder beetle
  9585 | D:13     | Noticed a boulder beetle
  9596 | D:13     | Killed a boulder beetle
 10003 | D:9      | Reached *** piety under Wu Jian
 10275 | D:9      | Found a staircase to the Lair.
 10359 | D:9      | Found a transporter.
 10362 | D:9      | Found a transporter.
 10363 | D:9      | Found a transporter.
 10446 | D:9      | Found a hide-covered altar of Uskayaw.
 10466 | D:9      | Found a transporter.
 10475 | D:9      | Noticed a brown ugly thing
 10479 | D:9      | Killed a brown ugly thing
 10480 | D:9      | Reached XP level 12. HP: 102/102 MP: 12/12
 10595 | D:9      | Found a sparkling altar of Nemelex Xobeh.
 10801 | D:8      | Noticed Grum
 10826 | D:8      | Killed Grum
 10911 | D:8      | Noticed Maggie
 10913 | D:8      | Killed Maggie
 11307 | D:8      | Reached **** piety under Wu Jian
 11509 | Lair:1   | Entered Level 1 of the Lair of Beasts
 12431 | Lair:2   | Noticed a catoblepas
 12506 | Lair:2   | Noticed a seven-headed hydra
 12512 | Lair:2   | Killed a seven-headed hydra
 12671 | Lair:2   | Reached skill level 5 in Dodging
 12684 | Lair:2   | Noticed a death yak
 12684 | Lair:2   | Noticed a death yak
 12685 | Lair:2   | Noticed a death yak
 12685 | Lair:2   | Noticed a death yak
 12696 | Lair:2   | Killed a death yak
 12709 | Lair:2   | Killed a death yak
 12710 | Lair:2   | Gained mutation: You are mostly covered in large bone
                  | plates. (SH +6) [demonic ancestry]
 12710 | Lair:2   | Reached XP level 13. HP: 81/111 MP: 13/13
 13472 | Lair:3   | Reached ***** piety under Wu Jian
 13686 | Lair:3   | Found a hole to the Spider Nest.
 13991 | Lair:3   | Found a staircase to the Swamp.
 14714 | Lair:4   | Noticed avangion's ghost (journeyman GnCj)
 14721 | Lair:4   | Found a transporter.
 14812 | Lair:4   | Found a transporter.
 15068 | Lair:4   | Found a bloodstained altar of Trog.
 15487 | Lair:5   | Entered Level 5 of the Lair of Beasts
 15487 | Lair:5   | Found a viscous altar of Jiyva.
 15487 | Lair:5   | Found a staircase to the Slime Pits.
 15498 | Lair:5   | Reached skill level 15 in Stealth
 15512 | Lair:5   | Gained mutation: Your magical and physical power is
                  | slightly enhanced at high health. [demonic ancestry]
 15512 | Lair:5   | Reached XP level 14. HP: 99/121 MP: 14/14
 15538 | Lair:5   | Reached skill level 15 in Fighting
 16078 | Lair:5   | Identified the +3 helmet of the Lost Baking Wars {*Slow rN+
                  | Str+4}
 16903 | D:14     | Reached skill level 10 in Dodging
 16927 | D:14     | Found a gate to the Vaults.
 16998 | D:14     | Reached XP level 15. HP: 129/129 MP: 15/15
 17709 | D:14     | Found the +12 glaive of Prune {freeze, Prune}
 17915 | Orc:1    | Entered Level 1 of the Orcish Mines
 18631 | Orc:1    | You fall into a shaft and drop 1 floor!
 18631 | Orc:2    | Entered Level 2 of the Orcish Mines
 18719 | Orc:2    | Found Awnatul's Assorted Antiques.
 18988 | Orc:2    | Bought the +3 pair of mountain boots {steadfast, rC+} for
                  | 1105 gold pieces
 18988 | Orc:2    | Found the +3 pair of mountain boots {steadfast, rC+}
 19080 | Orc:2    | Found a staircase to the Elven Halls.
 19107 | Orc:2    | Found Bofi's Antique Armour Boutique.
 19537 | Orc:2    | Found Fisipusa's Antique Weapon Boutique.
 19540 | Orc:2    | Found Dearunn's Antique Armour Shop.
 19566 | Orc:2    | Bought a dazzling leather armour for 238 gold pieces
 19566 | Orc:2    | Identified the +3 leather armour of Broken Taboos {rF++
                  | Int+3} (You bought it in a shop on level 2 of the Orcish
                  | Mines)
 19566 | Orc:2    | Bought a twisted ring mail for 306 gold pieces
 19566 | Orc:2    | Identified the +0 ring mail of the Griffon {rF+ rN+} (You
                  | bought it in a shop on level 2 of the Orcish Mines)
 19622 | Orc:2    | Bought a scroll of blinking for 247 gold pieces
 19622 | Orc:2    | Bought a scroll of fear for 132 gold pieces
 19622 | Orc:2    | Bought a scroll of fear for 132 gold pieces
 19622 | Orc:2    | Bought a scroll of fog for 132 gold pieces
 20078 | Swamp:1  | Entered Level 1 of the Swamp
 20082 | Swamp:1  | Noticed Roxanne
 20133 | Swamp:1  | Noticed Mlioglotl
 20337 | Lair:3   | Noticed a tentacled starspawn
 20506 | Lair:3   | Killed Mlioglotl
 21009 | Swamp:1  | Learned a level 2 spell: Wereblood
 21574 | Swamp:2  | Reached ****** piety under Wu Jian
 22674 | Swamp:3  | Noticed Mara
 22691 | Swamp:3  | Killed Mara
 22692 | Swamp:3  | Gained mutation: You are completely covered in large bone
                  | plates. (SH +8) [demonic ancestry]
 22692 | Swamp:3  | Reached XP level 16. HP: 136/136 MP: 16/16
 22907 | Swamp:4  | Entered Level 4 of the Swamp
 23216 | Swamp:4  | Noticed a thorn hunter
 23220 | Swamp:4  | Killed a thorn hunter
 23243 | Swamp:4  | Got a decaying rune of Zot
 23370 | Swamp:4  | Noticed a tentacled monstrosity
 23389 | Swamp:4  | Killed a tentacled monstrosity
 24070 | Spider:1 | Entered Level 1 of the Spider Nest
 24070 | Spider:1 | Identified a scroll of acquirement
 24083 | Spider:1 | Acquired the +5 rapier "Beastbane" {venom, rPois rF+ Will+
                  | Dex+3}
 24121 | Spider:1 | Reached skill level 1 in Spellcasting
 24121 | Spider:1 | Reached skill level 1 in Transmutations
 24883 | Spider:2 | Noticed Rudyous's ghost (journeyman DsFE)
 24883 | Spider:2 | Found a runed translucent door.
 24883 | Spider:2 | Found a shimmering altar of Xom.
 24889 | Spider:2 | Killed Rudyous's ghost
 25596 | Spider:2 | Gained mutation: Your touch may irresistibly damage your
                  | foes and sap their willpower. [demonic ancestry]
 25596 | Spider:2 | Reached XP level 17. HP: 131/142 MP: 21/21
 26698 | Spider:4 | Entered Level 4 of the Spider Nest
 26704 | Spider:4 | Reached skill level 15 in Dodging
 26717 | Spider:4 | Reached skill level 5 in Transmutations
 26719 | Spider:4 | Reached skill level 5 in Spellcasting
 26773 | Spider:4 | Identified the +0 leather armour of the Tanner {-Tele Harm
                  | rF+ rN+}
 27482 | Spider:4 | Identified the -2 robe of Maupn {rElec rC+ Will- Regen+}
 27485 | Spider:4 | Identified the -2 robe of Huafox {-Cast Harm rPois Stlth+}
 27486 | Spider:4 | Identified the +0 hat "Cumyikhle" {Regen+ rCorr}
 27650 | Spider:4 | Got a gossamer rune of Zot
 28214 | Elf:1    | Entered Level 1 of the Elven Halls
 28343 | Elf:1    | Identified the +6 scale mail of the Wary Brambles {-Cast
                  | rCorr Str+7 Int-5}
 28408 | Elf:1    | Identified the +7 arbalest of Conscience {heavy, rPois rF-
                  | rC+ Int+2}
 28457 | Elf:1    | Noticed an Ice Fiend
 28508 | Elf:1    | Reached XP level 18. HP: 98/155 MP: 25/25
 28643 | Elf:1    | Found a runed translucent gate.
 28643 | Elf:1    | Found a runed translucent gate.
 28643 | Elf:1    | Found a runed translucent gate.
 28643 | Elf:1    | Found a runed translucent gate.
 28643 | Elf:1    | Found a runed translucent gate.
 28645 | Elf:1    | Found a runed translucent gate.
 28909 | Elf:1    | Noticed Azrael
 28915 | Elf:1    | Killed Azrael
 29549 | Elf:2    | Found Bolaocw's Magic Scroll Shop.
 29549 | Elf:2    | Found Ushror's Weapon Boutique.
 29551 | Elf:2    | Found Aleav's General Store.
 29552 | Elf:2    | Found Guclulan's Antique Armour Boutique.
 29563 | Elf:2    | Bought a scroll of enchant armour for 135 gold pieces
 29575 | Elf:2    | Bought a scroll of fear for 72 gold pieces
 29575 | Elf:2    | Bought a scroll of butterflies for 72 gold pieces
 30218 | Elf:2    | Reached skill level 1 in Invocations
 30409 | Elf:2    | Found a huge runed translucent gate.
 30409 | Elf:2    | Found a huge runed translucent gate.
 30409 | Elf:2    | Found a huge runed translucent gate.
 30409 | Elf:2    | Found a huge runed translucent gate.
 30410 | Elf:2    | Found a huge runed translucent gate.
 30616 | Elf:3    | Entered Level 3 of the Elven Halls
 30622 | Elf:3    | Reached skill level 2 in Invocations
 30670 | Elf:3    | Reached skill level 3 in Invocations
 30724 | Elf:3    | Found a portal to a secret trove of treasure.
 30750 | Elf:3    | Found a frozen archway.
 30757 | IceCv    | Entered an ice cave
 30760 | IceCv    | Found a transporter.
 30890 | IceCv    | Found a transporter.
 31046 | Elf:3    | You paid a toll of 7 scrolls of fear to enter a treasure
                  | trove
 31047 | Trove    | Entered a treasure trove
 31051 | Trove    | Found the +3 hat of Pondering {ponderous, Will+ MP+10
                  | Int+5}
 31059 | Trove    | Identified the +0 hat of Vuveroex {rPois rC+ Str+3}
 31063 | Trove    | Identified the +6 plate armour "Yxusepn" {rC- rN+ Will+
                  | Str+3}
 31064 | Trove    | Identified the +3 kite shield of a Gauntlet {Rampage Int+2}
 31065 | Trove    | Identified the +2 pair of boots "Zegrie Ereor" {rN+ Str-5
                  | Int+2 Slay+3}
 31067 | Trove    | Identified the +2 buckler of Tempters {rC++ Str+3}
 31072 | Trove    | Identified the +3 crystal plate armour of Beauty {rN+ Int+3
                  | Stlth-}
 31073 | Trove    | Identified the +2 hat of Fanean {rC++ Will- Str+3}
 31164 | Elf:3    | Identified the +6 glaive of the Swamp {flame, Fly Will-
                  | Dex+3 Stlth+}
 31207 | Elf:3    | Found Tewopn's Armour Boutique.
 31214 | Elf:3    | Bought the +1 pair of boots of Darkness {Harm rC+ Regen+}
                  | for 329 gold pieces
 31322 | Elf:3    | Reached skill level 4 in Invocations
 31376 | Elf:3    | Found a runed translucent gate.
 31376 | Elf:3    | Found a runed translucent gate.
 31377 | Elf:3    | Found a runed translucent gate.
 31381 | Elf:3    | Noticed Twinkles's ghost (adept AtMo)
 31458 | Elf:3    | Reached skill level 5 in Invocations
 31488 | Elf:3    | Reached skill level 6 in Invocations
 31497 | Elf:3    | Reached skill level 7 in Invocations
 31521 | Elf:3    | Identified the ring "Oggorian" {Fly rPois rC+ Str+5 Stlth-}
 31521 | Elf:3    | Identified the +9 spear of Udghus Xa Fusk {antimagic, rC-
                  | Str+3 Int+4}
 31594 | Elf:3    | Found the +8 demon trident "Rift" {distort, reach+}
 31610 | Elf:3    | Paralysed by an air elemental for 1 turns
 31622 | Elf:3    | Identified the +2 leather armour "Nogeas" {rCorr}
 31633 | Elf:3    | Identified the +2 dagger of Slow Death {drain, rElec rN+
                  | Dex+3}
 31644 | Elf:3    | Got Xocump's Guide on Baleful Position
 31655 | Elf:3    | Identified the +3 plate armour of Objectivity {Int+2}
 31664 | Elf:3    | Identified the ring of Ompuw {Str+6 Stlth+}
 31672 | Elf:3    | Identified the +5 great sword of Sosmuvae {drain, rElec
                  | rPois}
 31677 | Elf:3    | Identified the +0 robe of Whack-A-Mole {*Corrode *Slow
                  | rF+++ SInv}
 31745 | Elf:3    | Got the Reference Book on Bloody Lightning
 32363 | Vaults:1 | Entered Level 1 of the Vaults
 32398 | Vaults:1 | Reached skill level 8 in Invocations
 32570 | Vaults:1 | Reached XP level 19. HP: 168/168 MP: 26/26
 32610 | Vaults:1 | Reached skill level 9 in Invocations
 32682 | Vaults:1 | Reached skill level 10 in Invocations
 32888 | Vaults:1 | Found a magical portal.
 32897 | WizLab   | Entered Wucad Mu's Monastery
 33037 | WizLab   | Found the crystal ball of Wucad Mu {*channel}
 33093 | WizLab   | Reached skill level 12 in Invocations
 33093 | WizLab   | Gained mutation: You frequently emit foul miasma when
                  | damaged in melee. [demonic ancestry]
 33093 | WizLab   | Reached XP level 20. HP: 176/176 MP: 25/29
 33322 | Vaults:1 | Identified the +8 arbalest "Xeebrasu" {penet, rElec rCorr
                  | Str+5 Dex+2}
 33371 | Vaults:1 | Reached skill level 13 in Invocations
 33705 | Vaults:1 | Reached skill level 14 in Invocations
 33997 | Vaults:2 | Reached skill level 15 in Invocations
 34181 | Vaults:2 | Reached skill level 16 in Invocations
 34331 | Vaults:2 | Reached skill level 17 in Invocations
 34456 | Vaults:2 | Found Egisixim's General Store.
 34470 | Vaults:2 | Bought a scroll of enchant weapon for 142 gold pieces
 34470 | Vaults:2 | Bought a potion of cancellation for 152 gold pieces
 34594 | Vaults:2 | Reached skill level 18 in Invocations
 34855 | Vaults:2 | Reached skill level 19 in Invocations
 35106 | Vaults:2 | Gained mutation: Your magical and physical power is
                  | enhanced at high health. [demonic ancestry]
 35106 | Vaults:2 | Reached XP level 21. HP: 183/183 MP: 34/34
 35316 | Vaults:3 | Found a staircase to the Crypt.
 35450 | Vaults:3 | Reached skill level 20 in Invocations
 35581 | Vaults:3 | Identified the +1 leather armour of Cooddain {rElec rPois
                  | rC++ Dex-5 Slay+4}
 35755 | Vaults:3 | Reached skill level 21 in Invocations
 35762 | Vaults:3 | Reached skill level 1 in Armour
 36456 | Vaults:4 | Found a flickering gateway to a bazaar.
 36466 | Bazaar   | Entered a bazaar
 36466 | Bazaar   | Found Warehiaf's Antique Weapon Shoppe.
 36466 | Bazaar   | Found Tola's Antique Weapon Emporium.
 36466 | Bazaar   | Found Sugrel's Weapon Emporium.
 36665 | Vaults:4 | Reached skill level 5 in Armour
 37389 | Vaults:5 | Entered Level 5 of the Vaults
 37419 | Vaults:5 | Gained mutation: A meltable icy envelope protects you from
                  | harm. (AC +8) [demonic ancestry]
 37419 | Vaults:5 | Reached XP level 22. HP: 190/190 MP: 36/36
 37534 | Vaults:5 | Found Dach's Distillery.
 37540 | Vaults:5 | Bought a potion of experience for 1050 gold pieces
 37540 | Vaults:5 | Bought a potion of haste for 210 gold pieces
 37540 | Vaults:5 | Bought a potion of heal wounds for 105 gold pieces
 37540 | Vaults:5 | Bought a potion of resistance for 210 gold pieces
 37540 | Vaults:5 | Bought a potion of might for 84 gold pieces
 37540 | Vaults:5 | Gained mutation: Your magical and physical power is greatly
                  | enhanced at high health. [demonic ancestry]
 37540 | Vaults:5 | Reached XP level 23. HP: 196/196 MP: 37/37
 37741 | Vaults:5 | Reached skill level 10 in Armour
 37982 | Vaults:5 | Got the Discourse on Company and the Chill
 38227 | Vaults:5 | Found Ivines's Magic Scroll Boutique.
 38228 | Vaults:5 | Got a silver rune of Zot
 38245 | Vaults:5 | Bought a scroll of acquirement for 572 gold pieces
 38245 | Vaults:5 | Acquired a manual of Transmutations
 38365 | Vaults:5 | Identified the +4 dire flail "Janorire" {protect, Str+3
                  | Int+6}
 38436 | Vaults:5 | Identified the +3 scale mail of a bailey {Str+3}
 38466 | Vaults:5 | Identified the +4 mace of Inconvenience {heavy, rCorr
                  | Int+4}
 38663 | Vaults:5 | Got the Annotations on Oxidation and Bolts
 38742 | Vaults:5 | Identified the +7 trident "Vicwagamot" {heavy, Int+2}
 39093 | D:15     | Entered Level 15 of the Dungeon
 39104 | D:15     | Found a radiant altar of Vehumet.
 39141 | D:15     | Found Vyos's Jewellery Shoppe.
 39162 | D:15     | Bought the ring of Sloth {rPois rN+ rCorr Int+5 Slay+5} for
                  | 1297 gold pieces
 39178 | D:15     | Learned a level 8 spell: Necromutation
 39279 | D:15     | Noticed Kirke
 39290 | D:15     | Reached skill level 1 in Necromancy
 39296 | D:15     | Killed Kirke
 39304 | D:15     | Found a runed translucent gate.
 39305 | D:15     | Found a runed translucent gate.
 39306 | D:15     | Found a runed translucent gate.
 39308 | D:15     | Noticed Bialiabluu's ghost (adept GrEE)
 39523 | D:15     | Found a staircase to the Depths.
 39773 | Depths:1 | Entered Level 1 of the Depths
 39842 | Depths:1 | Found a gateway to Hell.
 40011 | Depths:1 | Reached skill level 5 in Necromancy
 40118 | Depths:1 | Noticed Sojobo
 40125 | Depths:1 | Killed Sojobo
 40340 | Depths:1 | Reached XP level 24. HP: 204/204 MP: 37/37
 40354 | Depths:1 | Found a bloodstained altar of Trog.
 40832 | Depths:2 | Found a one-way gate leading to the halls of Pandemonium.
 40895 | Depths:2 | Found a one-way gate to the infinite horrors of the Abyss.
 41156 | Depths:2 | Reached skill level 10 in Necromancy
 41165 | Depths:2 | Reached skill level 10 in Spellcasting
 41165 | Depths:2 | Reached skill level 10 in Transmutations
 41685 | Depths:3 | Identified the +4 falchion "Mipal" {freeze, +Blink}
 41730 | Depths:3 | Noticed Louise
 41740 | Depths:3 | Killed Louise
 41983 | Depths:3 | Found a runed translucent gate.
 41983 | Depths:3 | Found a runed translucent gate.
 41983 | Depths:3 | Found a runed translucent gate.
 42084 | Depths:3 | Found a runed translucent gate.
 42084 | Depths:3 | Found a runed translucent gate.
 42084 | Depths:3 | Found a runed translucent gate.
 42135 | Depths:3 | Got the Atlas of Glaciation and Poison
 42136 | Depths:3 | Identified the +1 tower shield of Pyopsono {rF+}
 42266 | Depths:4 | Entered Level 4 of the Depths
 42310 | Depths:4 | Found a one-way gateway to a ziggurat.
 42423 | Depths:4 | Noticed a juggernaut
 42440 | Depths:4 | Killed a juggernaut
 42571 | Depths:4 | Found a gate to the Realm of Zot.
 42772 | Depths:4 | Reached XP level 25. HP: 210/210 MP: 37/37
 42834 | Depths:4 | Found a stormy altar of Qazlal.
 42885 | Depths:4 | Reached skill level 15 in Necromancy
 43750 | Crypt:1  | Entered Level 1 of the Crypt
 43972 | Crypt:1  | Noticed Hyrrirob's ghost (veteran GrEE)
 43978 | Crypt:1  | Found a runed translucent door.
 44064 | Crypt:1  | Gained mutation: Armour fits poorly on your strangely
                  | shaped body. [mutagenic glow]
 44082 | Crypt:1  | Gained mutation: You occasionally lose the ability to read
                  | scrolls when taking damage. [mutagenic glow]
 44084 | Crypt:1  | Killed Hyrrirob's ghost
 44095 | Crypt:1  | Gained mutation: You occasionally lose the ability to drink
                  | potions when taking damage. [mutagenic glow]
 44100 | Crypt:1  | Got the Omnibus of the Fjord
 44101 | Crypt:1  | Identified the +0 hat of Reddos {Regen+ Str+3}
 44116 | Crypt:1  | Lost mutation: Armour fits poorly on your strangely shaped
                  | body. [potion of mutation]
 44116 | Crypt:1  | Lost mutation: You occasionally lose the ability to read
                  | scrolls when taking damage. [potion of mutation]
 44116 | Crypt:1  | Lost mutation: You occasionally lose the ability to drink
                  | potions when taking damage. [potion of mutation]
 44892 | Crypt:2  | Reached skill level 15 in Transmutations
 45072 | Crypt:2  | Noticed an ancient lich
 45102 | Crypt:2  | Killed an ancient lich
 45152 | Crypt:2  | Found the +6 Majin-Bo {spellvamp, MP+6 Int+6}
 45335 | Crypt:3  | Entered Level 3 of the Crypt
 45835 | Crypt:3  | Found a staircase to the Tomb.
 46082 | Crypt:3  | Found a basalt altar of Yredelemnul.
 46562 | Crypt:3  | Reached XP level 26. HP: 218/218 MP: 39/39
 46840 | Crypt:3  | Got Cigotuvi's Guidebook on Open Graves
 47978 | Zot:1    | Entered Level 1 of the Realm of Zot
 48512 | Zot:1    | Identified the +3 chain mail "Xostruw" {rPois Will++ Str-2
                  | Int+4}
 48844 | Zot:2    | Found the +4 dragonskin cloak
 48844 | Zot:2    | Noticed Tiamat
 49033 | Zot:2    | Killed Tiamat
 49188 | Zot:2    | Noticed Vv
 49192 | Zot:2    | Killed Vv
 50274 | Zot:3    | Noticed an orb of fire
 50345 | Zot:3    | Gained mutation: Your magical capacity is low. (-10% MP)
                  | [an orb of fire]
 50353 | Zot:2    | Killed an orb of fire
 50706 | Zot:3    | Identified the +6 chain mail of Plog {rN+}
 50740 | Zot:3    | Reached XP level 27. HP: 172/224 MP: 35/35
 50744 | Zot:3    | Found a broken altar of Ashenzari.
 50824 | Zot:3    | Got the Volume of the Niveous Sky
 51416 | Zot:4    | Reached skill level 1 in Evocations
 51665 | Zot:4    | Identified the +0 buckler of Happiness {Rampage rPois MP+9
                  | Str-3}
 51761 | Zot:4    | Identified the orb of Zuafea Zoipt {guile, rPois Regen+}
 51772 | Zot:4    | Identified the amulet of Xom's Sleight of Hands {RegenMP
                  | rPois Str-3 Dex+2}
 52307 | Zot:5    | Entered Level 5 of the Realm of Zot
 52808 | Zot:5    | Found a runed translucent gate.
 52809 | Zot:5    | Found a runed translucent gate.
 52810 | Zot:5    | Found a runed translucent gate.
 52811 | Zot:5    | Noticed Qaniympis's ghost (veteran DgEE)
 53184 | Zot:5    | Reached skill level 22 in Invocations
 53194 | Zot:5    | Noticed an orb of fire
 53197 | Zot:5    | Gained mutation: Your magical capacity is very low. (-20%
                  | MP) [an orb of fire]
 53210 | Zot:5    | Gained mutation: Your body sometimes deteriorates upon
                  | taking damage. [an orb of fire]
 53225 | Zot:5    | Gained mutation: You are agile. (Dex +4, Str/Int -1) [an
                  | orb of fire]
 53231 | Zot:5    | Killed an orb of fire
 53570 | Zot:5    | Noticed an orb of fire
 53591 | Zot:5    | Gained mutation: Your body often deteriorates upon taking
                  | damage. [an orb of fire]
 53596 | Zot:5    | Lost mutation: You are agile. (Dex +4, Str/Int -1) [an orb
                  | of fire]
 53597 | Zot:5    | Killed an orb of fire
 53729 | Zot:5    | Noticed an orb of fire
 53729 | Zot:5    | Noticed a dread lich
 53734 | Zot:5    | Noticed an ancient lich
 53734 | Zot:5    | Killed a dread lich
 53739 | Zot:5    | Noticed an orb of fire
 53742 | Zot:5    | Killed an orb of fire
 53746 | Zot:5    | Killed an ancient lich
 53749 | Zot:5    | Killed an orb of fire
 53760 | Zot:5    | Reached skill level 23 in Invocations
 53782 | Zot:5    | Noticed an ancient lich
 53788 | Zot:5    | Killed an ancient lich
 54544 | Slime:1  | Entered Level 1 of the Pits of Slime
 54824 | Slime:1  | Gained mutation: You are occasionally teleported next to
                  | monsters. [a shining eye]
 55049 | Slime:2  | Reached skill level 15 in Armour
 55068 | Slime:2  | Reached skill level 24 in Invocations
 55094 | Slime:2  | Learned a level 7 spell: Enfeeble
 55103 | Slime:2  | Learned a level 8 spell: Discord
 55257 | Slime:3  | Reached skill level 1 in Hexes
 55514 | Slime:3  | Gained mutation: You sometimes lose your temper in combat.
                  | [a shining eye]
 55875 | Slime:4  | Reached skill level 5 in Hexes
 56424 | Slime:4  | Gained mutation: Potions are less effective at restoring
                  | your health. [a shining eye]
 56484 | Slime:4  | Gained mutation: You occasionally lose the ability to read
                  | scrolls when taking damage. [a shining eye]
 56564 | Slime:5  | Entered Level 5 of the Pits of Slime
 56671 | Slime:5  | Noticed the Royal Jelly
 56676 | Slime:5  | Killed the Royal Jelly
 57076 | Slime:5  | Got a slimy rune of Zot
 57083 | Slime:5  | Acquired the ring of Zylufa {Drain Fly rC+ Dex+8}
 57768 | D:15     | Killed Bialiabluu's ghost
 58017 | Zot:5    | Lost mutation: You occasionally lose the ability to read
                  | scrolls when taking damage. [potion of mutation]
 58017 | Zot:5    | Lost mutation: Your body often deteriorates upon taking
                  | damage. [potion of mutation]
 58018 | Zot:5    | Lost mutation: Your body sometimes deteriorates upon taking
                  | damage. [potion of mutation]
 58018 | Zot:5    | Lost mutation: Potions are less effective at restoring your
                  | health. [potion of mutation]
 58018 | Zot:5    | Lost mutation: Your magical capacity is very low. (-20% MP)
                  | [potion of mutation]
 58018 | Zot:5    | Gained mutation: You occasionally lose the ability to drink
                  | potions when taking damage. [potion of mutation]
 58018 | Zot:5    | Lost mutation: Your magical capacity is low. (-10% MP)
                  | [potion of mutation]
 58018 | Zot:5    | Gained mutation: Your flesh is heat resistant. (rF+)
                  | [potion of mutation]
 58019 | Zot:5    | Lost mutation: You are occasionally teleported next to
                  | monsters. [potion of mutation]
 58019 | Zot:5    | Lost mutation: You sometimes lose your temper in combat.
                  | [potion of mutation]
 58019 | Zot:5    | Lost mutation: Your flesh is heat resistant. (rF+) [potion
                  | of mutation]
 58019 | Zot:5    | Gained mutation: You are robust. (+10% HP) [potion of
                  | mutation]
 58020 | Zot:5    | Lost mutation: You are robust. (+10% HP) [potion of
                  | mutation]
 58020 | Zot:5    | Lost mutation: You occasionally lose the ability to drink
                  | potions when taking damage. [potion of mutation]
 58020 | Zot:5    | Gained mutation: You are weak. (Str -2) [potion of
                  | mutation]
 58020 | Zot:5    | Gained mutation: You are clumsy. (Dex -2) [potion of
                  | mutation]
 58020 | Zot:5    | Gained mutation: Your spells are a little harder to cast,
                  | but a little more powerful. [potion of mutation]
 58021 | Zot:5    | Lost mutation: Your spells are a little harder to cast, but
                  | a little more powerful. [potion of mutation]
 58021 | Zot:5    | Lost mutation: You are weak. (Str -2) [potion of mutation]
 58021 | Zot:5    | Lost mutation: You are clumsy. (Dex -2) [potion of
                  | mutation]
 58021 | Zot:5    | Gained mutation: Your spells are a little harder to cast,
                  | but a little more powerful. [potion of mutation]
 58021 | Zot:5    | Gained mutation: Your mind is acute. (Int +4, Str/Dex -1)
                  | [potion of mutation]
 58021 | Zot:5    | Gained mutation: You expend magic power (3 MP) to
                  | strengthen your wands. [potion of mutation]
 58069 | Zot:5    | Killed Qaniympis's ghost
 58386 | Zot:5    | Identified the +2 cloak "Aclia" {Will++ Str+3 Dex+6}
 58390 | Zot:5    | Identified the staff of earth "Geruen" {Will+}
 58577 | Depths:3 | Voluntarily entered the Abyss.
 58582 | Abyss:1  | Found a corrupted altar of Lugonu.
 58596 | Abyss:1  | Found a corrupted altar of Lugonu.
 58649 | Abyss:2  | Found a corrupted altar of Lugonu.
 58689 | Abyss:2  | Found a corrupted altar of Lugonu.
 58717 | Abyss:2  | Found a corrupted altar of Lugonu.
 58730 | Abyss:3  | Found a corrupted altar of Lugonu.
 58866 | Abyss:5  | Reached skill level 10 in Hexes
 58888 | Abyss:5  | Got an abyssal rune of Zot
 58921 | Depths:3 | Escaped the Abyss
 59140 | Pan      | Entered Pandemonium
 59175 | Pan      | Noticed Bichil Suisch the pandemonium lord
 59226 | Pan      | Killed Bichil Suisch the pandemonium lord
 59603 | Pan      | Found an exit through the horrors of the Abyss.
 59632 | Pan      | Noticed Irikh the pandemonium lord
 59666 | Pan      | Killed Irikh the pandemonium lord
 59754 | Pan      | Got a demonic rune of Zot
 59838 | Pan      | Entered the realm of Cerebov.
 59882 | Pan      | Found the +6 sword of Cerebov {flame}
 59882 | Pan      | Noticed Cerebov
 59964 | Pan      | Killed Cerebov
 59992 | Pan      | Identified the ring "Okos" {Ice Will++ Str+3 Dex+3}
 60080 | Pan      | Got a fiery rune of Zot
 60137 | Pan      | Identified the staff of earth "Borafill" {Fly rC+ rN+
                  | rCorr}
 60151 | Pan      | Got the Secrets of the Curse
 60202 | Pan      | Identified the staff of air "Fodenket" {rElec Str+7 Int+4}
 60204 | Pan      | Identified the amulet "Buro" {Faith Regen+ Dex+3}
 61000 | Pan      | Noticed Col Ifav the pandemonium lord
 61008 | Pan      | Killed Col Ifav the pandemonium lord
 61211 | Pan      | HP: 10/224 [smoke demon/divine providence (10)]
 61529 | Pan      | Noticed Ihehaej the pandemonium lord
 61542 | Pan      | Killed Ihehaej the pandemonium lord
 61644 | Pan      | Noticed Megg the pandemonium lord
 61713 | Pan      | Reached skill level 15 in Hexes
 61754 | Pan      | Entered the realm of Gloorx Vloq.
 61831 | Pan      | Found an exit through the horrors of the Abyss.
 62363 | Pan      | Noticed Gloorx Vloq
 62380 | Pan      | Killed Gloorx Vloq
 62409 | Pan      | Got a dark rune of Zot
 62590 | Pan      | Noticed Xeqogon the pandemonium lord
 62608 | Pan      | Killed Xeqogon the pandemonium lord
 63134 | Pan      | Noticed Koikaehae the pandemonium lord
 63140 | Pan      | Killed Koikaehae the pandemonium lord
 63224 | Pan      | Identified the +0 crystal plate armour of Lightning Storm
                  | {rElec rF+ Int+5 Dex+3}
 63353 | Pan      | Reached skill level 25 in Invocations
 63436 | Pan      | Identified the +5 sling of Izoateics {freeze, rCorr Str-5
                  | Int+6 SInv}
 64018 | Pan      | Reached skill level 26 in Invocations
 64109 | Pan      | Noticed Uhaythak the pandemonium lord
 64118 | Pan      | Entered the realm of Lom Lobon.
 64536 | Pan      | Noticed Lom Lobon
 64544 | Pan      | Reached skill level 27 in Invocations
 64559 | Pan      | Killed Lom Lobon
 64590 | Pan      | Got a magical rune of Zot
 64723 | Pan      | Entered the realm of Mnoleg.
 64795 | Pan      | Noticed Mnoleg
 64796 | Pan      | Killed Mnoleg
 64973 | Pan      | Got a glowing rune of Zot
 65074 | Pan      | Noticed Ududdieh the pandemonium lord
 65114 | Pan      | Found an exit through the horrors of the Abyss.
 65169 | Pan      | Took an exit into the Abyss.
 65169 | Abyss:5  | Escaped into the Abyss
 65173 | Abyss:5  | Found a corrupted altar of Lugonu.
 65189 | Depths:2 | Escaped the Abyss
 65494 | Tomb:1   | Entered Level 1 of the Tomb of the Ancients
 65929 | Tomb:1   | Noticed a royal mummy
 65929 | Tomb:1   | Noticed a royal mummy
 65935 | Tomb:1   | Noticed a royal mummy
 65940 | Tomb:1   | Killed a royal mummy
 65948 | Tomb:1   | Noticed a royal mummy
 65994 | Tomb:1   | Killed a royal mummy
 66046 | Tomb:1   | Identified the +7 flail of Parts Unknown {flame, rPois rC+}
 66047 | Tomb:1   | Killed a royal mummy
 66124 | Tomb:1   | Killed a royal mummy
 66933 | Tomb:2   | Noticed a royal mummy
 66934 | Tomb:2   | Noticed a royal mummy
 66938 | Tomb:2   | Killed a royal mummy
 66938 | Tomb:2   | Noticed a royal mummy
 66938 | Tomb:2   | Killed a royal mummy
 66939 | Tomb:2   | Noticed a royal mummy
 66941 | Tomb:2   | Noticed a royal mummy
 66965 | Tomb:2   | Killed a royal mummy
 66968 | Tomb:2   | Killed a royal mummy
 66968 | Tomb:2   | Killed a royal mummy
 67121 | Tomb:2   | Identified the staff of death "Xuysm" {rF+ rN+ Str+5}
 67316 | Tomb:1   | Noticed a royal mummy
 67317 | Tomb:1   | Noticed a royal mummy
 67318 | Tomb:1   | Noticed a royal mummy
 67318 | Tomb:1   | Noticed a royal mummy
 67318 | Tomb:1   | Noticed a royal mummy
 67320 | Tomb:1   | Noticed a royal mummy
 67321 | Tomb:1   | Noticed a royal mummy
 67322 | Tomb:1   | Noticed a royal mummy
 67322 | Tomb:1   | Killed a royal mummy
 67322 | Tomb:1   | Noticed a royal mummy
 67322 | Tomb:1   | Killed a royal mummy
 67353 | Tomb:1   | Killed a royal mummy
 67361 | Tomb:1   | Killed a royal mummy
 67365 | Tomb:1   | Noticed a royal mummy
 67365 | Tomb:1   | Noticed a royal mummy
 67367 | Tomb:1   | Killed a royal mummy
 67376 | Tomb:1   | Killed a royal mummy
 67381 | Tomb:1   | Killed a royal mummy
 67390 | Tomb:1   | Killed a royal mummy
 67397 | Tomb:1   | Noticed a royal mummy
 67397 | Tomb:1   | Killed a royal mummy
 67401 | Tomb:1   | Killed a royal mummy
 67406 | Tomb:1   | Killed a royal mummy
 67414 | Tomb:1   | Killed a royal mummy
 67416 | Tomb:1   | Noticed a royal mummy
 67421 | Tomb:1   | Killed a royal mummy
 67499 | Tomb:1   | Noticed a royal mummy
 67501 | Tomb:1   | Noticed a royal mummy
 67504 | Tomb:1   | Noticed a royal mummy
 67508 | Tomb:1   | Killed a royal mummy
 67516 | Tomb:1   | Killed a royal mummy
 67528 | Tomb:1   | Killed a royal mummy
 67529 | Tomb:1   | Noticed a royal mummy
 67530 | Tomb:1   | Noticed a royal mummy
 67532 | Tomb:1   | Noticed a royal mummy
 67542 | Tomb:1   | Killed a royal mummy
 67554 | Tomb:1   | Killed a royal mummy
 67561 | Tomb:1   | Killed a royal mummy
 67662 | Tomb:1   | Noticed a royal mummy
 67676 | Tomb:1   | Killed a royal mummy
 68590 | Tomb:3   | Entered Level 3 of the Tomb of the Ancients
 68617 | Tomb:3   | Noticed a royal mummy
 68623 | Tomb:3   | Noticed a royal mummy
 68624 | Tomb:3   | Noticed a royal mummy
 68628 | Tomb:3   | Killed a royal mummy
 68635 | Tomb:3   | Killed a royal mummy
 68643 | Tomb:3   | Noticed Khufu
 68647 | Tomb:3   | Killed Khufu
 68649 | Tomb:3   | Killed a royal mummy
 68654 | Tomb:3   | Noticed a royal mummy
 68658 | Tomb:3   | Noticed a royal mummy
 68661 | Tomb:3   | Killed a royal mummy
 68661 | Tomb:3   | Killed a royal mummy
 68666 | Tomb:3   | Noticed a royal mummy
 68674 | Tomb:3   | Killed a royal mummy
 68687 | Tomb:3   | Noticed a royal mummy
 68691 | Tomb:3   | Killed a royal mummy
 68707 | Tomb:3   | Noticed a royal mummy
 68716 | Tomb:3   | Killed a royal mummy
 68800 | Tomb:3   | Got a golden rune of Zot
 69124 | Tomb:3   | Identified the +1 robe of the Candlemaker {rF- rC+ Int+3
                  | Dex+8}
 69125 | Tomb:3   | Identified the +5 spear of Xuce {holy, rPois rC+ Str+2}
 69132 | Tomb:3   | Identified the +7 rapier "Hihaob Baidi" {heavy, rC+ Str+3}
 69139 | Tomb:3   | Identified the ring "Xiulogg" {rC+ Str+3 Int+6 Dex+3}
 69157 | Tomb:3   | Identified the +5 dagger of Nightmares {elec, rPois rF+ rC+
                  | Str-5}
 69167 | Tomb:3   | Identified the +8 shortbow "Uvae" {flame, Fly MP+9}
 69168 | Tomb:3   | Identified the +6 double sword of Azeffuch {heavy, rPois
                  | rC+ Dex-5}
 69182 | Tomb:3   | Identified the +10 rapier "Huluin" {spect, *Noise Drain Fly
                  | rF+ Dex+8}
 69653 | Hell     | Entered the Vestibule of Hell
 69653 | Hell     | Noticed Geryon
 69682 | Hell     | Killed Geryon
 69706 | Hell     | Found a gateway to the ashen valley of Gehenna.
 69811 | Hell     | Found a gateway to the freezing wastes of Cocytus.
 69917 | Hell     | Found a gateway to the decaying netherworld of Tartarus.
 70056 | Hell     | Found a gateway to the Iron City of Dis.
 70171 | Coc:1    | Entered Level 1 of Cocytus
 70530 | Coc:2    | Paralysed by a wendigo for 1 turns
 70664 | Coc:3    | Noticed an ancient lich
 70677 | Coc:3    | Killed an ancient lich
 70878 | Coc:4    | Paralysed by a wendigo for 1 turns
 71056 | Coc:7    | Entered Level 7 of Cocytus
 71196 | Coc:7    | Paralysed by a wendigo for 1 turns
 71499 | Coc:7    | Noticed Antaeus
 71560 | Coc:7    | Killed Antaeus
 71570 | Coc:7    | Got an icy rune of Zot
 71575 | Coc:7    | Identified the +0 plate armour of Awilaim {rElec rC+ Str+6
                  | Dex-5}
 71577 | Coc:7    | Identified the +5 great sword of Conflict {freeze, *Rage
                  | rF+++ rC- Stlth+}
 71578 | Coc:7    | Identified the ring of Broken Luck {rC- rCorr Slay+4
                  | Stlth+}
 71818 | Coc:7    | Noticed the Serpent of Hell
 71827 | Coc:7    | Killed the Serpent of Hell
 71964 | Geh:1    | Entered Level 1 of Gehenna
 71967 | Geh:1    | Noticed an ancient lich
 72167 | Geh:4    | Found a runed translucent gate.
 72167 | Geh:4    | Found a runed translucent gate.
 72167 | Geh:4    | Found a runed translucent gate.
 72167 | Geh:4    | Found a runed translucent gate.
 72167 | Geh:4    | Found a runed translucent gate.
 72170 | Geh:4    | Found a runed translucent gate.
 72170 | Geh:4    | Found a runed translucent gate.
 72170 | Geh:4    | Found a runed translucent gate.
 72170 | Geh:4    | Found a runed translucent gate.
 72170 | Geh:4    | Found a runed translucent gate.
 72170 | Geh:4    | Found a runed translucent gate.
 72170 | Geh:4    | Found a runed translucent gate.
 72615 | Geh:7    | Entered Level 7 of Gehenna
 72945 | Geh:7    | Found the +13 sceptre of Asmodeus
 72945 | Geh:7    | Noticed Asmodeus
 72966 | Geh:7    | Killed Asmodeus
 72975 | Geh:7    | Got an obsidian rune of Zot
 72976 | Geh:7    | Identified the staff of earth "Tupnel" {rPois rF- Str+3}
 72980 | Geh:7    | Identified the +2 halberd of Doma {flame, Drain rPois
                  | Will+}
 72981 | Geh:7    | Identified the staff of fire "Vyqij" {rF+ Int+4 Stlth+}
 73264 | Geh:7    | Identified the +2 spear "Itih" {venom, Drain rN++ Str+6}
 73451 | Tar:1    | Entered Level 1 of Tartarus
 74633 | Tar:6    | Noticed an ancient lich
 74690 | Tar:7    | Entered Level 7 of Tartarus
 74759 | Tar:7    | Identified the staff of earth "Beorhep" {rC+ Str+5 Int+2
                  | Dex-3}
 74817 | Tar:7    | Noticed Ereshkigal
 74823 | Tar:7    | Killed Ereshkigal
 75024 | Tar:7    | Noticed an ancient lich
 75033 | Tar:7    | Killed an ancient lich
 75073 | Tar:7    | Noticed an ancient lich
 75083 | Tar:7    | Killed an ancient lich
 75100 | Tar:7    | Noticed a dread lich
 75122 | Tar:7    | Killed a dread lich
 75327 | Tar:7    | Got a bone rune of Zot
 75514 | Dis:1    | Entered Level 1 of the Iron City of Dis
 75760 | Dis:7    | Entered Level 7 of the Iron City of Dis
 75836 | Dis:7    | Noticed a juggernaut
 75839 | Dis:7    | Killed a juggernaut
 75893 | Dis:7    | Noticed a juggernaut
 75897 | Dis:7    | Killed a juggernaut
 75897 | Dis:7    | Noticed a juggernaut
 75904 | Dis:7    | Killed a juggernaut
 75993 | Dis:7    | Noticed Dispater
 76574 | Dis:7    | Identified the +1 leather armour "Ruxu" {Slay+3}
 77316 | Dis:7    | Killed Dispater
 77333 | Dis:7    | Identified the staff of cold "Evunku" {rC+ Str-4 Dex+6}
 77337 | Dis:7    | Got an iron rune of Zot
 77716 | Zot:5    | Got the Orb of Zot
 78164 | D:7      | Noticed Lepos the pandemonium lord
 78281 | D:$      | Escaped with the Orb!

Illustrated notes

Levels and vault maps discovered:
D:1:      minmay_arrival_open_corners, layout_loops_corners, minmay_hexomino_f4
D:2:      layout_loops_ring
D:3:      layout_rooms, fedhas_altar_1, serial_bayou_pond_a, uniq_robin,
          uniq_pargi
D:4:      layout_loops_ring
D:5:      layout_gridville, kennysheep_mini, minitemple,
          minmay_temple_entry_drinking_statues
D:6:      layout_loops_ring, mainiacjoe_overflow_catwalk_spiral,
          kennysheep_generic_room_14, uniq_grinder
D:7:      layout_gridville, gammafunk_temple_overflow_elements, uniq_joseph,
          uniq_prince_ribbit1
D:8:      layout_basic, kennysheep_generic_room_8, uniq_grum, uniq_maggie
D:9:      layout_roguey, mainiacjoe_overflow_alcove_2, lemuel_tele_altar,
          grunt_lair_entry_orc_guard_hut, nicolae_diode_quadrants
D:10:     layout_stronghold, mainiacjoe_overflow_cross_hatched
D:11:     layout_stronghold, serial_shops, shop, chequers_mini_garden
D:12:     layout_roguey, orc_0_dummy, minmay_splitting_lines, minmay_st_funbox,
          st_stairs_6
D:13:     layout_roguey
D:14:     layout_grid_maze, lightli_vaults_fourway_checkpoint,
          hangedman_incinerator
D:15:     grunt_enter_depths_magical_seal, layout_rooms, serial_shops, shop,
          gammafunk_ghost_necromancy, vehumet_crystals, uniq_kirke
Temple:   chequers_temple_sunken
Lair:1:   layout_gridlike, kennysheep_abandoned_house, grunt_megastairs_2
Lair:2:   nzn_winding_woodlands_small [nzn_winding_woodlands_5x15_zeroes,
          nzn_winding_woodlands_center_lodge,
          nzn_winding_woodlands_5x15_split_checker], layout_regular_city,
          dreamdust_gnoll_shepherd, lemuel_fruit_tree, serial_bayou_shore_b
Lair:3:   layout_regular_city, skrybe_swamp_entry_bodies,
          hellmonk_spider_entry_not_the_bees, grunt_megastairs_5
Lair:4:   layout_regular_city, gammafunk_ghost_wrathful_warriors,
          serial_bayou_crossing
Lair:5:   minmay_lair_end_frog_pond, layout_long_grid, slime_entry_1
Swamp:1:  layout_basic_swamp, serial_swamp_ruin, evilmike_swamp_ruin_house_1,
          evilmike_swamp_ruin_rubble_2, evilmike_swamp_ruin_house_2,
          swamp_pool2, uniq_roxanne, uniq_mlioglotl
Swamp:2:  layout_basic_swamp, nicolae_swamp_little_swirl
Swamp:3:  layout_falls_marsh, evilmike_swamp_ruin_house_5, swamp_pool2,
          infiniplex_staircase_pool, uniq_mara
Swamp:4:  swamp, layout_basic_swamp
Spider:1: layout_spider_delve
Spider:2: layout_spider_delve, ebering_ghost_xom,
          hangedman_spider_tarantella_strand
Spider:3: layout_spider_delve
Spider:4: grunt_spider_rune_parallel, hellmonk_motheaten_closet
Slime:1:  layout_caves, nicolae_slime_getting_an_eyeful
Slime:2:  layout_caves
Slime:3:  layout_caves, nicolae_slime_round_cave
Slime:4:  layout_caves, special_room [special_room_jelly]
Slime:5
Orc:1:    layout_caves
Orc:2:    grunt_orc_community_town_hall, layout_caves,
          grunt_orc_community_big_house_2, grunt_orc_community_big_house_1,
          grunt_orc_community_house_1, grunt_orc_community_house_1,
          grunt_orc_community_house_3, grunt_orc_community_house_3,
          grunt_orc_community_house_2
Elf:1:    eino_elf_arrival_sip, layout_gridlike, orc_legates, st_stairs_8,
          sword_in_stone, grunt_megastairs_3, uniq_azrael
Elf:2:    elven_hall_of_blades_hangedman_alternative
          [nicolae_blade_little_rooms], layout_gridlike, st_stairs_5,
          chequers_big_river, lemuel_elevator, minmay_shoptagon
Elf:3:    minmay_elf_hall_dome, layout_gridlike, gammafunk_ghost_ooze,
          nicolae_trove_entry_free_sample, serial_shops,
          nicolae_shop_tiny_real_fake_doors, portal_ice_cave_entry_dragon,
          minivault_20
Vaults:1: mu_enter_wizlab_3, nicolae_vaults_closet_pinwheel_3, v_misc_29,
          nicolae_vaults_little_squares_3, dpeg_vaults_monster_row,
          nicolae_vaults_mitosis, hangedman_vaults_trim, v_misc_18,
          vaults_room_hangedman_quadrants, layout_vaults_chaotic_city
Vaults:2: nicolae_vaults_ninety_degrees, grunt_vaults_funneled_arena,
          vaults_room_boxed, nicolae_vaults_double_plus_1, v_alt_pattern_1,
          hangedman_vaults_unwind, grunt_vaults_trifunnel, vaults_dpeg_hooks,
          nicolae_vaults_storage_closets_1, layout_vaults_omnibox, serial_shops,
          shop
Vaults:3: minmay_crypt_entry_simple_round, nicolae_vaults_tangram_1,
          vaults_room_door_ring, hangedman_vaults_maws, vaults_mumra_minichess,
          st_cells, nicolae_vaults_heart-shaped_vault,
          nicolae_vaults_circle_grid_b, nicolae_vaults_door_testing_chamber,
          grunt_vaults_focal, v_misc_25, nicolae_vaults_asterisk, v_misc_10,
          vaults_room_corners, nicolae_vaults_gold_heap,
          nicolae_vaults_tetromino_T_1, layout_vaults_omnicross
Vaults:4: nicolae_vaults_antechamber_and_loot_room, vaults_room_stairs_pillars,
          nicolae_vaults_sesquioval_fish, vaults_room_fours,
          vaults_room_corners, nicolae_vaults_three_branches, v_misc_26,
          hangedman_vaults_capsules, nicolae_vaults_tangram_2,
          nicolae_vaults_tetromino_T_1, ontoclasm_vaults_tryst,
          layout_vaults_ring, serial_shops, bzr_entry_water
Vaults:5: serial_shops
Crypt:1:  layout_misc_corridors, hellmonk_ghost_big_iron
Crypt:2:  minmay_guarded_unrand_majin_bo, layout_misc_corridors,
          weyrava_ghost_lake
Crypt:3:  church_of_pain_bobbens, layout_chaotic_city,
          nicolae_tomb_entry_rubble_hallway, serial_co_window_serial,
          co_window_of_opportunity_a, co_window_of_opportunity_a,
          co_window_paths_a, co_window_paths_a, co_window_paths_a,
          co_window_unsneaky_path_e, co_window_corner_ca,
          co_window_unsneaky_path_a, co_window_corner_cb, co_window_corner_cb,
          co_window_of_opportunity_b
Tomb:1
Tomb:2
Tomb:3
Depths:1: layout_honeycomb, hell_entry, nicolae_wwwww, kennysheep_crisscross,
          evilmike_spriggan_trog_shrine, serial_bayou_shore_b,
          serial_bayou_shore_b, uniq_sojobo
Depths:2: hangedman_screamer, layout_cave_pools, hell_entry,
          rand_demon_pan_entry_9, abyss_entry
Depths:3: kennysheep_treasure_stockpile, layout_cave_pools,
          nicolae_abyss_entry_one_way_or_another, hell_entry
Depths:4: grunt_x_marks_the_spot, layout_honeycomb, enter_ziggurat_c,
          nicolae_qazlal_general_emergency, hell_entry
Hell
Dis:1:    layout_regular_city
Dis:2:    layout_jigsaw, nicolae_dis_grated_feature
Dis:3:    layout_regular_city, nicolae_dis_grated_feature
Dis:4:    layout_subdivisions
Dis:5:    layout_subdivisions
Dis:6:    layout_subdivisions
Dis:7:    dis_grunt_layers
Geh:1:    layout_gehenna_pools_box, evilmike_ambush
          [evilmike_ambush_outer_basic, evilmike_ambush_inner_pond]
Geh:2:    layout_gehenna_lava_caves
Geh:3:    layout_gehenna_pools_box, nicolae_geh_lavax
Geh:4:    layout_gehenna_lava_caves, nicolae_geh_backdraft
Geh:5:    layout_gehenna_lava_caves
Geh:6:    layout_gehenna_lava_caves
Geh:7:    geh_grunt_pentagon
Coc:1:    layout_cocytus_delve
Coc:2:    layout_cocytus_water_paths
Coc:3:    layout_cocytus_delve
Coc:4:    layout_ice_bergs, nicolae_coc_statues_of_limitations
Coc:5:    layout_ice_bergs
Coc:6:    layout_ice_bergs
Coc:7:    coc_old
Tar:1:    layout_catacombs
Tar:2:    layout_honeycomb
Tar:3:    layout_cathedral_of_symmetry, nicolae_tar_spectre_spectrum
Tar:4:    layout_cathedral_of_symmetry
Tar:5:    layout_honeycomb, nicolae_tar_cuneiform_three,
          nicolae_tar_stay_or_leave
Tar:6:    layout_honeycomb
Tar:7:    tar_grunt_cathedral
Zot:1:    layout_concentric_octagons, grunt_megastairs_4
Zot:2:    layout_twisted_circle, uniq_vv, uniq_tiamat
Zot:3:    hangedman_orp_of_zott, layout_onion_interference
Zot:4:    layout_gridlike
Zot:5:    layout_gridlike, gammafunk_ghost_tricky_traps, st_stairs_1

Skill      XL: |  1  2  3  4  5  6  7  8  9 10 11 12 13 14 15 16 17 18 19 20 21 22 23 24 25 26 27 |
---------------+----------------------------------------------------------------------------------+-----
Dodging        | 1 5 7 10 13 14 15 16 17 18 25 | 25.0
Short Blades   | 2 3 4 6 7 9 10 14 | 14.0
Stealth        | 4 5 6 8 10 12 13 15 16 18 19 20 22 | 22.5
Fighting       | 3 4 5 6 7 9 11 13 14 15 17 19 20 25 | 25.0
Spellcasting   | 3 5 7 10 12 | 12.2
Transmutations | 3 5 7 13 16 19 23 | 23.0
Invocations    | 8 12 19 21 27 | 27.0
Armour         | 7 9 11 25 | 25.0
Necromancy     | 6 14 17 20 | 20.0
Evocations     | 4 |  4.4
Hexes          | 21 | 21.0
Throwing       | |  1.7

Action                     |  1- 3 |  4- 6 |  7- 9 | 10-12 | 13-15 | 16-18 | 19-21 | 22-24 | 25-27 || total
---------------------------+-------+-------+-------+-------+-------+-------+-------+-------+-------++-------
  Melee: Dagger            |    93 |   172 |    50 |       |       |       |       |       |       ||   315
         Punch             |     2 |     2 |     1 |    11 |    14 |    23 |    25 |    46 |   282 ||   406
         Touch             |     5 |    31 |    29 |    92 |   226 |   380 |   293 |   411 |  2936 ||  4403
         Short sword       |       |       |   116 |   519 |  1229 |   911 |  1295 |   794 |  1885 ||  6749
         Rapier            |       |       |       |       |       |   839 |       |       |   989 ||  1828
         Quick blade       |       |       |       |       |       |       |   189 |   971 |  9067 || 10227
  Throw: Dart              |     1 |    12 |     9 |     2 |     1 |     1 |       |     3 |     4 ||    33
         Throwing net      |       |       |       |       |       |       |       |       |     1 ||     1
   Cast: Wereblood         |       |       |       |       |       |    14 |    23 |    33 |   118 ||   188
         Necromutation     |       |       |       |       |       |       |       |       |    63 ||    63
         Enfeeble          |       |       |       |       |       |       |       |       |    26 ||    26
         Discord           |       |       |       |       |       |       |       |       |     1 ||     1
 Invoke: Serpent's Lash    |       |       |       |     2 |    13 |    25 |    19 |     8 |   106 ||   173
         Heavenly Storm    |       |       |       |       |     2 |     3 |     1 |       |    19 ||    25
Ability: Lunge             |       |       |    19 |    55 |    87 |   132 |   125 |   104 |   683 ||  1205
         Whirlwind         |       |       |       |    38 |   301 |   658 |   445 |   416 |  2787 ||  4645
         Wall Jump         |       |       |       |       |       |     1 |       |       |     2 ||     3
         End Transformatio |       |       |       |       |       |       |       |       |     5 ||     5
  Evoke: Wand              |       |       |     3 |       |     3 |     2 |       |     1 |     3 ||    12
         Phantom mirror    |       |       |       |       |     1 |       |       |       |     1 ||     2
    Use: Scroll            |     3 |    11 |     2 |    12 |     9 |    12 |     3 |     6 |    33 ||    91
         Potion            |       |     2 |       |       |     6 |     8 |     3 |     1 |    37 ||    57
   Stab: Sleeping          |     8 |     8 |    12 |    37 |    39 |    61 |    61 |    14 |    93 ||   333
         Distracted        |       |       |     2 |     2 |     4 |     6 |     6 |     5 |    72 ||    97
         Invisible         |       |       |       |       |       |     2 |       |       |    20 ||    22
         Held in net/web   |       |       |       |       |       |       |       |       |     3 ||     3
 Armour: Robe              |    25 |    17 |    11 |       |     3 |       |       |       |       ||    56
         Skin              |       |    20 |       |       |       |       |       |       |       ||    20
         Steam dragon scal |       |       |     7 |     1 |       |       |       |       |       ||     8
         Troll leather arm |       |       |       |    52 |    69 |   153 |    62 |   129 |   705 ||  1170
  Dodge: Dodged            |    48 |    77 |    53 |   175 |   495 |  1047 |   436 |   563 |  4203 ||  7097
         Repelled          |       |       |       |       |       |     1 |     2 |     5 |       ||     8
  Block: Other             |       |    14 |    33 |    97 |   257 |   620 |   266 |   289 |  1775 ||  3351

Table legend: (Time is in decaauts)
 A = Elapsed time spent in this place.
 B = Non-inter-level travel time spent in this place.
 C = Inter-level travel time spent in this place.
 D = Time resting spent in this place.
 E = Time spent auto-exploring this place.
 F = Levels seen in this place.
 G = Mean time per level.
                   A        B        C        D        E       F      G
               +--------+--------+--------+--------+--------+-----+--------+
         Total |  77323 |  68329 |   8994 |   9967 |  35183 | 121 |  639.0 |
       Dungeon |  15405 |  12862 |   2543 |   2023 |   8424 |  15 | 1027.0 |
        Temple |     31 |     17 |     14 |      0 |      5 |   1 |   31.0 |
          Lair |   5792 |   5024 |    768 |    704 |   3245 |   5 | 1158.4 |
         Swamp |   3550 |   3197 |    353 |    802 |   1562 |   4 |  887.5 |
   Spider Nest |   4080 |   3744 |    336 |    941 |   1749 |   4 | 1020.0 |
    Slime Pits |   3154 |   2926 |    228 |    495 |   1646 |   5 |  630.8 |
  Orcish Mines |   1802 |   1577 |    225 |    105 |   1051 |   2 |  901.0 |
   Elven Halls |   3674 |   3338 |    336 |    417 |   1818 |   3 | 1224.7 |
        Vaults |   6693 |   5973 |    720 |    237 |   3856 |   5 | 1338.6 |
         Crypt |   3245 |   2846 |    399 |     71 |   1771 |   3 | 1081.7 |
          Tomb |   3814 |   3376 |    438 |    851 |   1042 |   3 | 1271.3 |
        Depths |   4777 |   3918 |    859 |    288 |   2561 |   4 | 1194.2 |
          Hell |    769 |    556 |    213 |      0 |    327 |   1 |  769.0 |
           Dis |   1961 |   1846 |    115 |    260 |    763 |   7 |  280.1 |
       Gehenna |   1286 |   1186 |    100 |    173 |     95 |   7 |  183.7 |
       Cocytus |   1675 |   1511 |    164 |    373 |    337 |   7 |  239.3 |
      Tartarus |   1997 |   1937 |     60 |    356 |    402 |   7 |  285.3 |
           Zot |   7115 |   5999 |   1116 |   1160 |   2929 |   5 | 1423.0 |
         Abyss |    356 |    356 |      0 |      0 |    100 |   6 |   59.3 |
   Pandemonium |   5523 |   5523 |      0 |    494 |   1453 |  23 |  240.1 |
        Bazaar |     23 |     23 |      0 |      0 |     15 |   1 |   23.0 |
         Trove |     89 |     89 |      0 |      0 |      0 |   1 |   89.0 |
      Ice Cave |    251 |    251 |      0 |    205 |      0 |   1 |  251.0 |
        Wizlab |    251 |    251 |      0 |      9 |     26 |   1 |  251.0 |
               +--------+--------+--------+--------+--------+-----+--------+

Top non-repeatable levels by time:
  Tomb:1: 2438 daAuts
   Zot:5: 2170 daAuts
  Lair:3: 1744 daAuts
   Dis:7: 1706 daAuts
Vaults:5: 1630 daAuts
 Crypt:3: 1580 daAuts
    D:14: 1576 daAuts
Vaults:2: 1564 daAuts
Depths:4: 1484 daAuts
   Zot:2: 1428 daAuts
Spider:4: 1357 daAuts
   Elf:1: 1339 daAuts
     D:5: 1291 daAuts
    D:12: 1268 daAuts
Vaults:1: 1256 daAuts
